Workbook

Sheet 02-2016
B1: SND | D1: SNA | K1: STA
B2: STB | C2: STUSID | D2: BTK | E2: STB | F2: STB 2 | G2: Attijari | H2: Stusid | I2: EURO | J2: DOLLARS | K2: Stusid | L2: STB MEG | M2: STB TH | N2: EURO | O2: DOLLARS
A3: SOLDE 15/02/2016 | B3: -549477.06 | C3: 63870.83 | D3: -4174.354 | E3: -2655839.3 | F3: 4580.761 | G3: 7000 | H3: 8721.098 | I3: 482902.19 | J3: 68274.71 | K3: -96441.486 | L3: -77230.498 | M3: -1118220.5 | N3: 285.18 | O3: 182237.3
A4: EN COURS | B4: =SUM(B5:B7) -> 386158.83 | C4: =SUM(C5:C7) -> 24626.682 | D4: =SUM(D5:D7) -> 0 | E4: =SUM(E5:E7) -> 0 | F4: =SUM(F5:F7) -> 0 | G4: =SUM(G5:G7) -> 0 | H4: =SUM(H5:H7) -> 0 | I4: =SUM(I5:I7) -> 0 | ... O4: =SUM(O5:O7) -> 0
A5: Cheque | B5: 115482.63 | C5: 14212.511 | L5: =C44+B44 -> 160000
A6: Escompte | B6: =143158.788+127517.404 -> 270676.19 | C6: 10414.171
A7: Virement
A8: Previsions | B8: =B9+B10+B11+B12+B18+B20 -> 528022.7 | C8: =C9+C10+C11+C12+C18+C20 -> 0 | D8: =D9+D10+D11+D12+D18+D20 -> 0 | E8: =E9+E10+E11+E12+E18+E20+E19 -> 0 | F8: =F9+F10+F11+F12+F18+F20+F21 -> 0 | G8: =G9+G10+G11+G12+G18+G20 -> 800000 | H8: =H9+H10+H11+H12+H18+H20 -> 0 | I8: =I9+I10+I11+I12+I18+I20 -> 94786.49 | J8: =J9+J10+J11+J12+J18+J20 -> #REF! | K8: =K9+K10+K11+K12+K18+K20 -> 0 | L8: =L9+L10+L11+L12+L18+L20 -> 0 | M8: =M9+M10+M11+M12+M18+M20 -> 404000 | N8: =N9+N10+N11+N12+N18+N20 -> 59479.4 | O8: =O9+O10+O11+O12+O18+O20 -> #REF!
A9: Cheque | B9: =CT!D258 -> 384994.84 | E9: =B46 -> 0
A10: Espece
A11: Escompte | B11: =TR!D40 -> 143027.86
A12: Virement | D12: =SUM(D13:D17) -> 0 | E12: =F46 -> 0 | F12: 0 | G12: =SUM(G13:G17) -> 0 | H12: =SUM(H13:H17) -> 0 | I12: =SUM(I13:I17) -> 94786.49 | J12: =SUM(J13:J17) -> #REF! | K12: =SUM(K13:K17) -> 0 | L12: =SUM(L13:L17) -> 0 | M12: =SUM(M13:M17) -> 404000 | N12: =SUM(N13:N17) -> 59479.4 | O12: =SUM(O13:O17) -> #REF!
A13: Vente Devise | I13: =+J46*0.895154 -> 40281.93 | M13: =200000*2.02+N44*2.2175 -> 404000 | N13: =50000*0.894758 -> 44737.9
A14: Maribat | J14: =EXPORT!#REF! -> #REF! | O14: =EXPORT!#REF! -> #REF!
A15: El Haramaine | J15: =EXPORT!#REF! -> #REF!
A16: Med Energy | I16: 54504.56 | J16: =14781.14+17627.78 -> 32408.92 | N16: 14741.5 | O16: 23000
A17: Errafik
A18: Credit de gestion | G18: 800000
A19: Augmentation Capital
A20: MCNE | E20: =+EXPORT!H26 -> 0
A21: CMT | E21: 3500000 | G21: 2000000
A22: Depenses | B22: =B23+B37+B48 -> 260000 | C22: =C23+C37+C48 -> 60000 | D22: =D23+D37+D48 -> 0 | E22: =E23+E37+E48 -> 210000 | F22: =F23+F37+F48 -> 0 | G22: =G23+G37+G48 -> 0 | H22: =H23+H37+H48 -> 0 | I22: =I23+I37+I48 -> 577640.74 | ... O22: =O23+O37+O48 -> 250000
A23: Import | B23: =SUM(B24:B36) -> 0 | C23: =SUM(C24:C36) -> 0 | D23: =SUM(D24:D36) -> 0 | E23: =SUM(E24:E36) -> 0 | F23: =SUM(F24:F36) -> 0 | G23: =SUM(G24:G36) -> 0 | H23: =SUM(H24:H36) -> 0 | I23: =SUM(I24:I36) -> 577640.74 | ... O23: =SUM(O24:O36) -> 0
A24: STCM | I24: =323415.62+254225.12 -> 577640.74
A25: Metaconcept
A26: Metalliance
A27: Daramic | N27: =Etranger!#REF! -> #REF!
A28: TBS
A29: Goonvean
A30: Accuma | N30: =Etranger!#REF!+Etranger!#REF!+Etranger!#REF!+Etranger!#REF! -> #REF!
A31: Akumsan
A32: Wirtz
A33: Sovema
A34: Glatfelter
A35: Agic
A36: Orion
A37: Local | B37: =SUM(B38:B47) -> 260000 | C37: =SUM(C38:C47) -> 60000 | D37: =SUM(D38:D47) -> 0 | E37: =SUM(E38:E47) -> 210000 | F37: =SUM(F38:F47) -> 0 | G37: =SUM(G38:G47) -> 0 | H37: =SUM(H38:H47) -> 0 | I37: =SUM(I38:I47) -> 0 | ... O37: =SUM(O38:O47) -> 250000
A38: Recette des Finances | B38: 35000 | E38: 60000
A39: Salaires
A40: Steg | L40: =14743.799+33438.599 -> 48182.398
A41: Leasing
A42: Hazem | E42: 150000 | L42: =HAZEM!O135 -> 0
A43: Traite STA | B43: 50000
A44: STA | B44: 100000 | C44: 60000 | O44: 250000
A45: Traite SNA | B45: 75000
A46: SNA | J46: 45000
A47: Fournisseurs
A48: Engagement Banque | B48: =SUM(B49:B50) -> 0 | C48: =SUM(C49:C50) -> 0 | D48: =SUM(D49:D50) -> 0 | E48: =SUM(E49:E50) -> 0 | F48: =SUM(F49:F50) -> 0 | G48: =SUM(G49:G50) -> 0 | H48: =SUM(H49:H50) -> 0 | I48: =SUM(I49:I50) -> 0 | ... O48: =SUM(O49:O50) -> 0
A49: CMT
A50: MCNE
A51: Solde au 29/02/2016 | B51: =B3+B4+B8-B22 -> 104704.46 | C51: =C3+C4+C8-C22 -> 28497.512 | D51: =D3+D4+D8-D22 -> -4174.354 | E51: =E3+E4+E8-E22 -> -2865839.3 | F51: =F3+F4+F8-F22 -> 4580.761 | G51: =G3+G4+G8-G22 -> 807000 | H51: =H3+H4+H8-H22 -> 8721.098 | I51: =I3+I4+I8-I22 -> 47.94 | ... O51: =O3+O4+O8-O22 -> #REF!
A52: Autorisation | B52: -200000 | C52: 0 | D52: 0 | E52: -1125000 | F52: 0 | G52: -250000 | H52: 0 | I52: 0 | J52: 0 | K52: -200000 | L52: 0 | M52: -420000 | N52: 0 | O52: 0

Sheet 03-2016
B1: SND | D1: SNA | K1: STA
B2: STB | C2: STUSID | D2: BTK | E2: STB | F2: STB 2 | G2: Attijari | H2: Stusid | I2: EURO | J2: DOLLARS | K2: Stusid | L2: STB MEG | M2: STB TH | N2: EURO | O2: DOLLARS
A3: SOLDE 28/12/2015 | B3: 148608.11 | C3: 35212.576 | D3: =136491.938 -> 136491.94 | E3: -1686866.5 | F3: 163347.4 | G3: 7000 | H3: 30109.866 | I3: 368043.12 | J3: 27515.89 | K3: -52558.43 | L3: -293023.53 | M3: -935862.89 | N3: 83302.65 | O3: 134468.87
A4: EN COURS | B4: =SUM(B5:B7) -> 63142.615 | C4: =SUM(C5:C7) -> 0 | D4: =SUM(D5:D7) -> 0 | E4: =SUM(E5:E7) -> 0 | F4: =SUM(F5:F7) -> 0 | G4: =SUM(G5:G7) -> 0 | H4: =SUM(H5:H7) -> 0 | I4: =SUM(I5:I7) -> 0 | ... O4: =SUM(O5:O7) -> 0
A5: Cheque | B5: 3142.615 | L5: 295747.66
A6: Escompte | B6: 60000
A7: Virement
A8: Previsions | B8: =B9+B10+B11+B12+B18+B20 -> 291726.21 | C8: =C9+C10+C11+C12+C18+C20 -> 25894.408 | D8: =D9+D10+D11+D12+D18+D20 -> 0 | E8: =E9+E10+E11+E12+E18+E20+E19 -> 131300 | F8: =F9+F10+F11+F12+F18+F20 -> 0 | G8: =G9+G10+G11+G12+G18+G20 -> 800000 | H8: =H9+H10+H11+H12+H18+H20 -> 0 | I8: =I9+I10+I11+I12+I18+I20 -> 130000 | J8: =J9+J10+J11+J12+J18+J20 -> #REF! | K8: =K9+K10+K11+K12+K18+K20 -> 0 | L8: =L9+L10+L11+L12+L18+L20 -> 0 | M8: =M9+M10+M11+M12+M18+M20 -> 505000 | ... O8: =O9+O10+O11+O12+O18+O20 -> 0
A9: Cheque | B9: =20068.406+37900.209+23983.438+21728.644+148545.517 -> 252226.21 | C9: =4221.461+4733.372 -> 8954.833 | M9: 200000
A10: Espece | C10: =7321.829+9617.746 -> 16939.575
A11: Escompte
A12: Virement | B12: 39500 | D12: =SUM(D13:D17) -> 0 | E12: =SUM(E13:E17) -> 131300 | F12: 0 | G12: =SUM(G13:G17) -> 0 | H12: =SUM(H13:H17) -> 0 | I12: =SUM(I13:I17) -> 130000 | J12: =SUM(J13:J17) -> #REF! | K12: =SUM(K13:K17) -> 0 | L12: =SUM(L13:L17) -> 0 | M12: =SUM(M13:M17) -> 0 | N12: =SUM(N13:N17) -> 0 | O12: =SUM(O13:O17) -> 0
A13: Vente Devise | E13: =I46*2.2175+J46*2.02 -> 131300 | M13: =+O44*2.02+N44*2.2175 -> 0
A14: Maribat | J14: =EXPORT!#REF!+EXPORT!#REF! -> #REF!
A15: El Haramaine
A16: Med Energy | I16: 30000
A17: Errafik | I17: =100000 -> 100000
A18: Credit de gestion | G18: 800000
A19: Augmentation Capital
A20: MCNE | M20: =EXPORT!H5 -> 305000
A21: CMT | E21: 3500000 | G21: 2000000
A22: Depenses | B22: =B23+B37+B48 -> 471181.04 | C22: =C23+C37+C48 -> 35000 | D22: =D23+D37+D48 -> 11640 | E22: =E23+E37+E48 -> 160676.24 | F22: =F23+F37+F48 -> 0 | G22: =G23+G37+G48 -> 0 | H22: =H23+H37+H48 -> 0 | I22: =I23+I37+I48 -> #REF! | ... O22: =O23+O37+O48 -> 0
A23: Import | B23: =SUM(B24:B36) -> 0 | C23: =SUM(C24:C36) -> 0 | D23: =SUM(D24:D36) -> 0 | E23: =SUM(E24:E36) -> 0 | F23: =SUM(F24:F36) -> 0 | G23: =SUM(G24:G36) -> 0 | H23: =SUM(H24:H36) -> 0 | I23: =SUM(I24:I36) -> #REF! | ... O23: =SUM(O24:O36) -> 0
A24: STCM | I24: 328099.53
A25: Metaconcept
A26: Metalliance | J26: 92868.97
A27: Chimbault | I27: =Etranger!#REF! -> #REF!
A28: TBS
A29: Goonvean | I29: =Etranger!#REF!*1.36567 -> #REF!
A30: Accuma | N30: =Etranger!#REF! -> #REF!
A31: Akumsan | N31: =Etranger!#REF! -> #REF!
A32: Wirtz
A33: Sovema
A34: Glatfelter
A35: Agic
A36: Orion
A37: Local | B37: =SUM(B38:B47) -> 471181.04 | C37: =SUM(C38:C47) -> 35000 | D37: =SUM(D38:D47) -> 0 | E37: =SUM(E38:E47) -> 84129.244 | F37: =SUM(F38:F47) -> 0 | G37: =SUM(G38:G47) -> 0 | H37: =SUM(H38:H47) -> 0 | I37: =SUM(I38:I47) -> 0 | ... O37: =SUM(O38:O47) -> 0
A38: Recette des Finances | B38: 41596.044 | E38: 80009.244 | M38: 37041.28
A39: Salaires
A40: Steg
A41: Leasing | B41: 9585 | E41: 4120 | M41: 880
A42: Hazem
A43: Traite STA | B43: 50000
A44: STA | B44: 295000 | C44: 35000 | N44: 0 | O44: 0
A45: Traite SNA | B45: 75000
A46: SNA | I46: 0 | J46: 65000
A47: Fournisseurs
A48: Engagement Banque | B48: =SUM(B49:B50) -> 0 | C48: =SUM(C49:C50) -> 0 | D48: =SUM(D49:D50) -> 11640 | E48: =SUM(E49:E50) -> 76547 | F48: =SUM(F49:F50) -> 0 | G48: =SUM(G49:G50) -> 0 | H48: =SUM(H49:H50) -> 0 | I48: =SUM(I49:I50) -> 0 | ... O48: =SUM(O49:O50) -> 0
A49: CMT | D49: =+CMT!F45 -> 11640 | E49: =CMT!F46 -> 76547 | M49: =CMT!F7 -> 6845.571
A50: MCNE | M50: =EXPORT!#REF!+EXPORT!#REF! -> #REF!
A51: Solde au 31/12/2015 | B51: =B3+B4+B8-B22 -> 32295.898 | C51: =C3+C4+C8-C22 -> 26106.984 | D51: =D3+D4+D8-D22 -> 124851.94 | E51: =E3+E4+E8-E22 -> -1716242.7 | F51: =F3+F4+F8-F22 -> 163347.4 | G51: =G3+G4+G8-G22 -> 807000 | H51: =H3+H4+H8-H22 -> 30109.866 | I51: =I3+I4+I8-I22 -> #REF! | ... O51: =O3+O4+O8-O22 -> 134468.87
A52: Autorisation | B52: -200000 | C52: 0 | D52: 0 | E52: -1125000 | F52: 0 | G52: -250000 | H52: 0 | I52: 0 | J52: 0 | K52: -200000 | L52: 0 | M52: -420000 | N52: 0 | O52: 0

Sheet 04-2016
B1: SND | D1: SNA | K1: STA
B2: STB | C2: STUSID | D2: BTK | E2: STB | F2: STB 2 | G2: Attijari | H2: Stusid | I2: EURO | J2: DOLLARS | K2: Stusid | L2: STB MEG | M2: STB TH | N2: EURO | O2: DOLLARS
A3: SOLDE 28/12/2015 | B3: 148608.11 | C3: 35212.576 | D3: =136491.938 -> 136491.94 | E3: -1686866.5 | F3: 163347.4 | G3: 7000 | H3: 30109.866 | I3: 368043.12 | J3: 27515.89 | K3: -52558.43 | L3: -293023.53 | M3: -935862.89 | N3: 83302.65 | O3: 134468.87
A4: EN COURS | B4: =SUM(B5:B7) -> 63142.615 | C4: =SUM(C5:C7) -> 0 | D4: =SUM(D5:D7) -> 0 | E4: =SUM(E5:E7) -> 0 | F4: =SUM(F5:F7) -> 0 | G4: =SUM(G5:G7) -> 0 | H4: =SUM(H5:H7) -> 0 | I4: =SUM(I5:I7) -> 0 | ... O4: =SUM(O5:O7) -> 0
A5: Cheque | B5: 3142.615 | L5: 295747.66
A6: Escompte | B6: 60000
A7: Virement
A8: Previsions | B8: =B9+B10+B11+B12+B18+B20 -> 291726.21 | C8: =C9+C10+C11+C12+C18+C20 -> 25894.408 | D8: =D9+D10+D11+D12+D18+D20 -> 0 | E8: =E9+E10+E11+E12+E18+E20+E19 -> 131300 | F8: =F9+F10+F11+F12+F18+F20 -> 0 | G8: =G9+G10+G11+G12+G18+G20 -> 800000 | H8: =H9+H10+H11+H12+H18+H20 -> 0 | I8: =I9+I10+I11+I12+I18+I20 -> 130000 | J8: =J9+J10+J11+J12+J18+J20 -> #REF! | K8: =K9+K10+K11+K12+K18+K20 -> 0 | L8: =L9+L10+L11+L12+L18+L20 -> 0 | M8: =M9+M10+M11+M12+M18+M20 -> 505000 | ... O8: =O9+O10+O11+O12+O18+O20 -> 0
A9: Cheque | B9: =20068.406+37900.209+23983.438+21728.644+148545.517 -> 252226.21 | C9: =4221.461+4733.372 -> 8954.833 | M9: 200000
A10: Espece | C10: =7321.829+9617.746 -> 16939.575
A11: Escompte
A12: Virement | B12: 39500 | D12: =SUM(D13:D17) -> 0 | E12: =SUM(E13:E17) -> 131300 | F12: 0 | G12: =SUM(G13:G17) -> 0 | H12: =SUM(H13:H17) -> 0 | I12: =SUM(I13:I17) -> 130000 | J12: =SUM(J13:J17) -> #REF! | K12: =SUM(K13:K17) -> 0 | L12: =SUM(L13:L17) -> 0 | M12: =SUM(M13:M17) -> 0 | N12: =SUM(N13:N17) -> 0 | O12: =SUM(O13:O17) -> 0
A13: Vente Devise | E13: =I46*2.2175+J46*2.02 -> 131300 | M13: =+O44*2.02+N44*2.2175 -> 0
A14: Maribat | J14: =EXPORT!#REF!+EXPORT!#REF! -> #REF!
A15: El Haramaine
A16: Med Energy | I16: 30000
A17: Errafik | I17: =100000 -> 100000
A18: Credit de gestion | G18: 800000
A19: Augmentation Capital
A20: MCNE | M20: =EXPORT!H5 -> 305000
A21: CMT | E21: 3500000 | G21: 2000000
A22: Depenses | B22: =B23+B37+B48 -> 471181.04 | C22: =C23+C37+C48 -> 35000 | D22: =D23+D37+D48 -> 11640 | E22: =E23+E37+E48 -> 160676.24 | F22: =F23+F37+F48 -> 0 | G22: =G23+G37+G48 -> 0 | H22: =H23+H37+H48 -> 0 | I22: =I23+I37+I48 -> #REF! | ... O22: =O23+O37+O48 -> 0
A23: Import | B23: =SUM(B24:B36) -> 0 | C23: =SUM(C24:C36) -> 0 | D23: =SUM(D24:D36) -> 0 | E23: =SUM(E24:E36) -> 0 | F23: =SUM(F24:F36) -> 0 | G23: =SUM(G24:G36) -> 0 | H23: =SUM(H24:H36) -> 0 | I23: =SUM(I24:I36) -> #REF! | ... O23: =SUM(O24:O36) -> 0
A24: STCM | I24: 328099.53
A25: Metaconcept
A26: Metalliance | J26: 92868.97
A27: Chimbault | I27: =Etranger!#REF! -> #REF!
A28: TBS
A29: Goonvean | I29: =Etranger!#REF!*1.36567 -> #REF!
A30: Accuma | N30: =Etranger!#REF! -> #REF!
A31: Akumsan | N31: =Etranger!#REF! -> #REF!
A32: Wirtz
A33: Sovema
A34: Glatfelter
A35: Agic
A36: Orion
A37: Local | B37: =SUM(B38:B47) -> 471181.04 | C37: =SUM(C38:C47) -> 35000 | D37: =SUM(D38:D47) -> 0 | E37: =SUM(E38:E47) -> 84129.244 | F37: =SUM(F38:F47) -> 0 | G37: =SUM(G38:G47) -> 0 | H37: =SUM(H38:H47) -> 0 | I37: =SUM(I38:I47) -> 0 | ... O37: =SUM(O38:O47) -> 0
A38: Recette des Finances | B38: 41596.044 | E38: 80009.244 | M38: 37041.28
A39: Salaires
A40: Steg
A41: Leasing | B41: 9585 | E41: 4120 | M41: 880
A42: Hazem
A43: Traite STA | B43: 50000
A44: STA | B44: 295000 | C44: 35000 | N44: 0 | O44: 0
A45: Traite SNA | B45: 75000
A46: SNA | I46: 0 | J46: 65000
A47: Fournisseurs
A48: Engagement Banque | B48: =SUM(B49:B50) -> 0 | C48: =SUM(C49:C50) -> 0 | D48: =SUM(D49:D50) -> 11640 | E48: =SUM(E49:E50) -> 76547 | F48: =SUM(F49:F50) -> 0 | G48: =SUM(G49:G50) -> 0 | H48: =SUM(H49:H50) -> 0 | I48: =SUM(I49:I50) -> 0 | ... O48: =SUM(O49:O50) -> 0
A49: CMT | D49: =+CMT!F45 -> 11640 | E49: =CMT!F46 -> 76547 | M49: =CMT!F7 -> 6845.571
A50: MCNE | M50: =EXPORT!#REF!+EXPORT!#REF! -> #REF!
A51: Solde au 31/12/2015 | B51: =B3+B4+B8-B22 -> 32295.898 | C51: =C3+C4+C8-C22 -> 26106.984 | D51: =D3+D4+D8-D22 -> 124851.94 | E51: =E3+E4+E8-E22 -> -1716242.7 | F51: =F3+F4+F8-F22 -> 163347.4 | G51: =G3+G4+G8-G22 -> 807000 | H51: =H3+H4+H8-H22 -> 30109.866 | I51: =I3+I4+I8-I22 -> #REF! | ... O51: =O3+O4+O8-O22 -> 134468.87
A52: Autorisation | B52: -200000 | C52: 0 | D52: 0 | E52: -1125000 | F52: 0 | G52: -250000 | H52: 0 | I52: 0 | J52: 0 | K52: -200000 | L52: 0 | M52: -420000 | N52: 0 | O52: 0

Sheet 05-2016
B1: SND | D1: SNA | K1: STA
B2: STB | C2: STUSID | D2: BTK | E2: STB | F2: STB 2 | G2: Attijari | H2: Stusid | I2: EURO | J2: DOLLARS | K2: Stusid | L2: STB MEG | M2: STB TH | N2: EURO | O2: DOLLARS
A3: SOLDE 28/12/2015 | B3: 148608.11 | C3: 35212.576 | D3: =136491.938 -> 136491.94 | E3: -1686866.5 | F3: 163347.4 | G3: 7000 | H3: 30109.866 | I3: 368043.12 | J3: 27515.89 | K3: -52558.43 | L3: -293023.53 | M3: -935862.89 | N3: 83302.65 | O3: 134468.87
A4: EN COURS | B4: =SUM(B5:B7) -> 63142.615 | C4: =SUM(C5:C7) -> 0 | D4: =SUM(D5:D7) -> 0 | E4: =SUM(E5:E7) -> 0 | F4: =SUM(F5:F7) -> 0 | G4: =SUM(G5:G7) -> 0 | H4: =SUM(H5:H7) -> 0 | I4: =SUM(I5:I7) -> 0 | ... O4: =SUM(O5:O7) -> 0
A5: Cheque | B5: 3142.615 | L5: 295747.66
A6: Escompte | B6: 60000
A7: Virement
A8: Previsions | B8: =B9+B10+B11+B12+B18+B20 -> 291726.21 | C8: =C9+C10+C11+C12+C18+C20 -> 25894.408 | D8: =D9+D10+D11+D12+D18+D20 -> 0 | E8: =E9+E10+E11+E12+E18+E20+E19 -> 131300 | F8: =F9+F10+F11+F12+F18+F20 -> 0 | G8: =G9+G10+G11+G12+G18+G20 -> 800000 | H8: =H9+H10+H11+H12+H18+H20 -> 0 | I8: =I9+I10+I11+I12+I18+I20 -> 130000 | J8: =J9+J10+J11+J12+J18+J20 -> #REF! | K8: =K9+K10+K11+K12+K18+K20 -> 0 | L8: =L9+L10+L11+L12+L18+L20 -> 0 | M8: =M9+M10+M11+M12+M18+M20 -> 505000 | ... O8: =O9+O10+O11+O12+O18+O20 -> 0
A9: Cheque | B9: =20068.406+37900.209+23983.438+21728.644+148545.517 -> 252226.21 | C9: =4221.461+4733.372 -> 8954.833 | M9: 200000
A10: Espece | C10: =7321.829+9617.746 -> 16939.575
A11: Escompte
A12: Virement | B12: 39500 | D12: =SUM(D13:D17) -> 0 | E12: =SUM(E13:E17) -> 131300 | F12: 0 | G12: =SUM(G13:G17) -> 0 | H12: =SUM(H13:H17) -> 0 | I12: =SUM(I13:I17) -> 130000 | J12: =SUM(J13:J17) -> #REF! | K12: =SUM(K13:K17) -> 0 | L12: =SUM(L13:L17) -> 0 | M12: =SUM(M13:M17) -> 0 | N12: =SUM(N13:N17) -> 0 | O12: =SUM(O13:O17) -> 0
A13: Vente Devise | E13: =I46*2.2175+J46*2.02 -> 131300 | M13: =+O44*2.02+N44*2.2175 -> 0
A14: Maribat | J14: =EXPORT!#REF!+EXPORT!#REF! -> #REF!
A15: El Haramaine
A16: Med Energy | I16: 30000
A17: Errafik | I17: =100000 -> 100000
A18: Credit de gestion | G18: 800000
A19: Augmentation Capital
A20: MCNE | M20: =EXPORT!H5 -> 305000
A21: CMT | E21: 3500000 | G21: 2000000
A22: Depenses | B22: =B23+B37+B48 -> 471181.04 | C22: =C23+C37+C48 -> 35000 | D22: =D23+D37+D48 -> 11640 | E22: =E23+E37+E48 -> 160676.24 | F22: =F23+F37+F48 -> 0 | G22: =G23+G37+G48 -> 0 | H22: =H23+H37+H48 -> 0 | I22: =I23+I37+I48 -> #REF! | ... O22: =O23+O37+O48 -> 0
A23: Import | B23: =SUM(B24:B36) -> 0 | C23: =SUM(C24:C36) -> 0 | D23: =SUM(D24:D36) -> 0 | E23: =SUM(E24:E36) -> 0 | F23: =SUM(F24:F36) -> 0 | G23: =SUM(G24:G36) -> 0 | H23: =SUM(H24:H36) -> 0 | I23: =SUM(I24:I36) -> #REF! | ... O23: =SUM(O24:O36) -> 0
A24: STCM | I24: 328099.53
A25: Metaconcept
A26: Metalliance | J26: 92868.97
A27: Chimbault | I27: =Etranger!#REF! -> #REF!
A28: TBS
A29: Goonvean | I29: =Etranger!#REF!*1.36567 -> #REF!
A30: Accuma | N30: =Etranger!#REF! -> #REF!
A31: Akumsan | N31: =Etranger!#REF! -> #REF!
A32: Wirtz
A33: Sovema
A34: Glatfelter
A35: Agic
A36: Orion
A37: Local | B37: =SUM(B38:B47) -> 471181.04 | C37: =SUM(C38:C47) -> 35000 | D37: =SUM(D38:D47) -> 0 | E37: =SUM(E38:E47) -> 84129.244 | F37: =SUM(F38:F47) -> 0 | G37: =SUM(G38:G47) -> 0 | H37: =SUM(H38:H47) -> 0 | I37: =SUM(I38:I47) -> 0 | ... O37: =SUM(O38:O47) -> 0
A38: Recette des Finances | B38: 41596.044 | E38: 80009.244 | M38: 37041.28
A39: Salaires
A40: Steg
A41: Leasing | B41: 9585 | E41: 4120 | M41: 880
A42: Hazem
A43: Traite STA | B43: 50000
A44: STA | B44: 295000 | C44: 35000 | N44: 0 | O44: 0
A45: Traite SNA | B45: 75000
A46: SNA | I46: 0 | J46: 65000
A47: Fournisseurs
A48: Engagement Banque | B48: =SUM(B49:B50) -> 0 | C48: =SUM(C49:C50) -> 0 | D48: =SUM(D49:D50) -> 11640 | E48: =SUM(E49:E50) -> 76547 | F48: =SUM(F49:F50) -> 0 | G48: =SUM(G49:G50) -> 0 | H48: =SUM(H49:H50) -> 0 | I48: =SUM(I49:I50) -> 0 | ... O48: =SUM(O49:O50) -> 0
A49: CMT | D49: =+CMT!F45 -> 11640 | E49: =CMT!F46 -> 76547 | M49: =CMT!F7 -> 6845.571
A50: MCNE | M50: =EXPORT!#REF!+EXPORT!#REF! -> #REF!
A51: Solde au 31/12/2015 | B51: =B3+B4+B8-B22 -> 32295.898 | C51: =C3+C4+C8-C22 -> 26106.984 | D51: =D3+D4+D8-D22 -> 124851.94 | E51: =E3+E4+E8-E22 -> -1716242.7 | F51: =F3+F4+F8-F22 -> 163347.4 | G51: =G3+G4+G8-G22 -> 807000 | H51: =H3+H4+H8-H22 -> 30109.866 | I51: =I3+I4+I8-I22 -> #REF! | ... O51: =O3+O4+O8-O22 -> 134468.87
A52: Autorisation | B52: -200000 | C52: 0 | D52: 0 | E52: -1125000 | F52: 0 | G52: -250000 | H52: 0 | I52: 0 | J52: 0 | K52: -200000 | L52: 0 | M52: -420000 | N52: 0 | O52: 0

Sheet 06-2016
B1: SND | D1: SNA | K1: STA
B2: STB | C2: STUSID | D2: BTK | E2: STB | F2: STB 2 | G2: Attijari | H2: Stusid | I2: EURO | J2: DOLLARS | K2: Stusid | L2: STB MEG | M2: STB TH | N2: EURO | O2: DOLLARS
A3: SOLDE 28/12/2015 | B3: 148608.11 | C3: 35212.576 | D3: =136491.938 -> 136491.94 | E3: -1686866.5 | F3: 163347.4 | G3: 7000 | H3: 30109.866 | I3: 368043.12 | J3: 27515.89 | K3: -52558.43 | L3: -293023.53 | M3: -935862.89 | N3: 83302.65 | O3: 134468.87
A4: EN COURS | B4: =SUM(B5:B7) -> 63142.615 | C4: =SUM(C5:C7) -> 0 | D4: =SUM(D5:D7) -> 0 | E4: =SUM(E5:E7) -> 0 | F4: =SUM(F5:F7) -> 0 | G4: =SUM(G5:G7) -> 0 | H4: =SUM(H5:H7) -> 0 | I4: =SUM(I5:I7) -> 0 | ... O4: =SUM(O5:O7) -> 0
A5: Cheque | B5: 3142.615 | L5: 295747.66
A6: Escompte | B6: 60000
A7: Virement
A8: Previsions | B8: =B9+B10+B11+B12+B18+B20 -> 291726.21 | C8: =C9+C10+C11+C12+C18+C20 -> 25894.408 | D8: =D9+D10+D11+D12+D18+D20 -> 0 | E8: =E9+E10+E11+E12+E18+E20+E19 -> 131300 | F8: =F9+F10+F11+F12+F18+F20 -> 0 | G8: =G9+G10+G11+G12+G18+G20 -> 800000 | H8: =H9+H10+H11+H12+H18+H20 -> 0 | I8: =I9+I10+I11+I12+I18+I20 -> 130000 | J8: =J9+J10+J11+J12+J18+J20 -> #REF! | K8: =K9+K10+K11+K12+K18+K20 -> 0 | L8: =L9+L10+L11+L12+L18+L20 -> 0 | M8: =M9+M10+M11+M12+M18+M20 -> 505000 | ... O8: =O9+O10+O11+O12+O18+O20 -> 0
A9: Cheque | B9: =20068.406+37900.209+23983.438+21728.644+148545.517 -> 252226.21 | C9: =4221.461+4733.372 -> 8954.833 | M9: 200000
A10: Espece | C10: =7321.829+9617.746 -> 16939.575
A11: Escompte
A12: Virement | B12: 39500 | D12: =SUM(D13:D17) -> 0 | E12: =SUM(E13:E17) -> 131300 | F12: 0 | G12: =SUM(G13:G17) -> 0 | H12: =SUM(H13:H17) -> 0 | I12: =SUM(I13:I17) -> 130000 | J12: =SUM(J13:J17) -> #REF! | K12: =SUM(K13:K17) -> 0 | L12: =SUM(L13:L17) -> 0 | M12: =SUM(M13:M17) -> 0 | N12: =SUM(N13:N17) -> 0 | O12: =SUM(O13:O17) -> 0
A13: Vente Devise | E13: =I46*2.2175+J46*2.02 -> 131300 | M13: =+O44*2.02+N44*2.2175 -> 0
A14: Maribat | J14: =EXPORT!#REF!+EXPORT!#REF! -> #REF!
A15: El Haramaine
A16: Med Energy | I16: 30000
A17: Errafik | I17: =100000 -> 100000
A18: Credit de gestion | G18: 800000
A19: Augmentation Capital
A20: MCNE | M20: =EXPORT!H5 -> 305000
A21: CMT | E21: 3500000 | G21: 2000000
A22: Depenses | B22: =B23+B37+B48 -> 471181.04 | C22: =C23+C37+C48 -> 35000 | D22: =D23+D37+D48 -> 11640 | E22: =E23+E37+E48 -> 160676.24 | F22: =F23+F37+F48 -> 0 | G22: =G23+G37+G48 -> 0 | H22: =H23+H37+H48 -> 0 | I22: =I23+I37+I48 -> #REF! | ... O22: =O23+O37+O48 -> 0
A23: Import | B23: =SUM(B24:B36) -> 0 | C23: =SUM(C24:C36) -> 0 | D23: =SUM(D24:D36) -> 0 | E23: =SUM(E24:E36) -> 0 | F23: =SUM(F24:F36) -> 0 | G23: =SUM(G24:G36) -> 0 | H23: =SUM(H24:H36) -> 0 | I23: =SUM(I24:I36) -> #REF! | ... O23: =SUM(O24:O36) -> 0
A24: STCM | I24: 328099.53
A25: Metaconcept
A26: Metalliance | J26: 92868.97
A27: Chimbault | I27: =Etranger!#REF! -> #REF!
A28: TBS
A29: Goonvean | I29: =Etranger!#REF!*1.36567 -> #REF!
A30: Accuma | N30: =Etranger!#REF! -> #REF!
A31: Akumsan | N31: =Etranger!#REF! -> #REF!
A32: Wirtz
A33: Sovema
A34: Glatfelter
A35: Agic
A36: Orion
A37: Local | B37: =SUM(B38:B47) -> 471181.04 | C37: =SUM(C38:C47) -> 35000 | D37: =SUM(D38:D47) -> 0 | E37: =SUM(E38:E47) -> 84129.244 | F37: =SUM(F38:F47) -> 0 | G37: =SUM(G38:G47) -> 0 | H37: =SUM(H38:H47) -> 0 | I37: =SUM(I38:I47) -> 0 | ... O37: =SUM(O38:O47) -> 0
A38: Recette des Finances | B38: 41596.044 | E38: 80009.244 | M38: 37041.28
A39: Salaires
A40: Steg
A41: Leasing | B41: 9585 | E41: 4120 | M41: 880
A42: Hazem
A43: Traite STA | B43: 50000
A44: STA | B44: 295000 | C44: 35000 | N44: 0 | O44: 0
A45: Traite SNA | B45: 75000
A46: SNA | I46: 0 | J46: 65000
A47: Fournisseurs
A48: Engagement Banque | B48: =SUM(B49:B50) -> 0 | C48: =SUM(C49:C50) -> 0 | D48: =SUM(D49:D50) -> 11640 | E48: =SUM(E49:E50) -> 76547 | F48: =SUM(F49:F50) -> 0 | G48: =SUM(G49:G50) -> 0 | H48: =SUM(H49:H50) -> 0 | I48: =SUM(I49:I50) -> 0 | ... O48: =SUM(O49:O50) -> 0
A49: CMT | D49: =+CMT!F45 -> 11640 | E49: =CMT!F46 -> 76547 | M49: =CMT!F7 -> 6845.571
A50: MCNE | M50: =EXPORT!#REF!+EXPORT!#REF! -> #REF!
A51: Solde au 31/12/2015 | B51: =B3+B4+B8-B22 -> 32295.898 | C51: =C3+C4+C8-C22 -> 26106.984 | D51: =D3+D4+D8-D22 -> 124851.94 | E51: =E3+E4+E8-E22 -> -1716242.7 | F51: =F3+F4+F8-F22 -> 163347.4 | G51: =G3+G4+G8-G22 -> 807000 | H51: =H3+H4+H8-H22 -> 30109.866 | I51: =I3+I4+I8-I22 -> #REF! | ... O51: =O3+O4+O8-O22 -> 134468.87
A52: Autorisation | B52: -200000 | C52: 0 | D52: 0 | E52: -1125000 | F52: 0 | G52: -250000 | H52: 0 | I52: 0 | J52: 0 | K52: -200000 | L52: 0 | M52: -420000 | N52: 0 | O52: 0

Sheet CT
A1: Adr fact | B1: Nom | C1: Echéance | D1: Mont ouvert
A2: 4R13098 | B2: ELECTRIC AUTO JEMMAL | C2: 42410 | D2: 325
A3: 4R14036 | B3: GHEDHAMI PARTS | C3: 42413 | D3: 1878.59
A4: 4R12210 | B4: KAIES EL KHECHINE | C4: 42415 | D4: 74
A5: 6R23150 | B5: STE SUD EQUIPEMENT MARITINE | C5: 42415 | D5: 1028
A6: 7R20002 | B6: HAFSIA TANNOUCH- MOBIL | C6: 42415 | D6: 1095.978
A7: 1R05036 | B7: HAMDI JAMEL | C7: 42416 | D7: 1661.382
A8: 1R05199 | B8: SOFIENE B RHOUMA "CAP AUTO" | C8: 42416 | D8: 1579.291
A9: 1R02205 | B9: AUTO ZARGA | C9: 42416 | D9: 325
A10: 1R02193 | B10: KHALED DRIDI | C10: 42416 | D10: 548.583
A11: 1R01292 | B11: AJIMI YASSINE CYBER | C11: 42417 | D11: 644.25
A12: 1R01518 | B12: MANAI WAHID | C12: 42417 | D12: 762.294
A13: 1R04134 | B13: DHAHRI RIDHA BEN MANOUBI | C13: 42417 | D13: 2000
... A257: 7R20002 | B257: HAFSIA TANNOUCH- MOBIL | C257: 42429 | D257: 912.346
A258: TOTAL 02/2016 | D258: =SUM(D2:D257) -> 384994.84
A259: 1R06103 | B259: SOCIETE PIECE AUTO ESSAID | C259: 42430 | D259: 4514.769
A260: 3R15038 | B260: ANIS BEN KHALIPHA RHAIEM | C260: 42430 | D260: 3000
A261: 3R18381 | B261: STE DREAM CAR | C261: 42430 | D261: 2296.093
A262: 1P01000 | B262: PERSONNEL NOUR | C262: 42430 | D262: 120
A263: 7R16012 | B263: HASSEN BEN BELGACEM DABBABI | C263: 42430 | D263: 1219.683
A264: 3R18160 | B264: S M E A | C264: 42431 | D264: 3300
A265: 4R12252 | B265: STE DITRI-FILTRE | C265: 42431 | D265: 4677.571
A266: 4R12182 | B266: S T A A S | C266: 42431 | D266: 200
A267: 4R12227 | B267: HAKIM BEN SADOK KHEMIS | C267: 42431 | D267: 850
A268: 3R18053 | B268: HACHICHA THAMEUR | C268: 42432 | D268: 644.775
A269: 1R04134 | B269: DHAHRI RIDHA BEN MANOUBI | C269: 42432 | D269: 3000
A270: 6R23152 | B270: GHRIBI ABDELMOUTALAB B.AMMAR | C270: 42432 | D270: 1771.344
... A608: 8R09054 | B608: LOTFI B BELGACEM BOUROUISSIA | C608: 42460 | D608: 400
A609: TOTAL 03/2016 | D609: =SUM(D259:D608) -> 591935.2
A610: 3R15038 | B610: ANIS BEN KHALIPHA RHAIEM | C610: 42461 | D610: 3000
A611: 3R18381 | B611: STE DREAM CAR | C611: 42461 | D611: 1539.947
A612: 1R02239 | B612: ZNAIDI HASSINE | C612: 42462 | D612: 350.052
A613: 1R02205 | B613: AUTO ZARGA | C613: 42462 | D613: 360
A614: 1R02185 | B614: SOCIETE ULTRA SERVICE | C614: 42463 | D614: 460
A615: 1R02231 | B615: STE ARFA AUTO PLUS | C615: 42463 | D615: 1937.012
A616: 1R02053 | B616: CHENIB MOHAMED- ESSAYARA | C616: 42463 | D616: 188.67
A617: 4R13130 | B617: STE PIECES AUT.ROYAL&ENTRET | C617: 42463 | D617: 4250
A618: 6R23150 | B618: STE SUD EQUIPEMENT MARITINE | C618: 42463 | D618: 1030.837
A619: 8R09060 | B619: SAMIR BEN SLIMEN AOUADI | C619: 42463 | D619: 773.314
A620: 4R13115 | B620: SOCIETE WORLD PARTS | C620: 42464 | D620: 1150
A621: 3R14079 | B621: BAAZAOUI SALAH | C621: 42464 | D621: 553.75
... A840: 8R09044 | B840: KOUKI FAOUZI | C840: 42490 | D840: 2000
A841: TOTAL 04/2016 | D841: =SUM(D610:D840) -> 402886.7
A842: 1R02185 | B842: SOCIETE ULTRA SERVICE | C842: 42492 | D842: 650
A843: 1R01532 | B843: SAIDI ANIS | C843: 42492 | D843: 348.678
A844: 3R15038 | B844: ANIS BEN KHALIPHA RHAIEM | C844: 42492 | D844: 3850
A845: 1R07041 | B845: BOUAZIZ SLAH | C845: 42493 | D845: 2980.298
A846: 1R05171 | B846: STE L'HORIZON DE PIECES DE | C846: 42495 | D846: 1036.776
A847: 1R02185 | B847: SOCIETE ULTRA SERVICE | C847: 42495 | D847: 645.723
A848: 1R01445 | B848: COMPTOIR METOUIEN AUTOMOBILE | C848: 42495 | D848: 2000
A849: 1R01495 | B849: SALIM AUTOS | C849: 42495 | D849: 1261.852
A850: 1R02239 | B850: ZNAIDI HASSINE | C850: 42495 | D850: 439.147
A851: 3R18053 | B851: HACHICHA THAMEUR | C851: 42495 | D851: 650.56
A852: 4R14007 | B852: PIECES AUTOS BEN ALAYA MED | C852: 42495 | D852: 900
A853: 4R13028 | B853: SOCIETE MANNAI BATIMENT | C853: 42495 | D853: 1500
... A916: 4R13031 | B916: ETS.AMOR SGHAIER ET CIE | C916: 42521 | D916: 12743.906
A917: TOTAL 05/2016 | D917: =SUM(D842:D916) -> 172071.9
A918: 1R02185 | B918: SOCIETE ULTRA SERVICE | C918: 42524 | D918: 720
A919: 1R02185 | B919: SOCIETE ULTRA SERVICE | C919: 42526 | D919: 685.131
A920: 3R18072 | B920: SIRAJ BEN ZINA | C920: 42528 | D920: 7474.898
A921: 3R18120 | B921: BELEL HABIB | C921: 42531 | D921: 1073.918
A922: 1R05036 | B922: HAMDI JAMEL | C922: 42533 | D922: 2268.732
A923: 8R09006 | B923: GHARBI JALEL BEN BRAHIM | C923: 42535 | D923: 3367.352
A924: 1R05171 | B924: STE L'HORIZON DE PIECES DE | C924: 42536 | D924: 1348.61
A925: 1R02199 | B925: MOHAMED ZARAGA Z P A | C925: 42536 | D925: 4500
A926: 4R14007 | B926: PIECES AUTOS BEN ALAYA MED | C926: 42536 | D926: 958.663
A927: 1R05036 | B927: HAMDI JAMEL | C927: 42538 | D927: 2268.733
A928: 1R06020 | B928: STE MED ALI DE PIECES DE | C928: 42546 | D928: 2150
A929: 8R09006 | B929: GHARBI JALEL BEN BRAHIM | C929: 42551 | D929: 4600
A930: TOTAL 06/2016 | D930: =SUM(D918:D929) -> 31416.037
A931: 8R09006 | B931: GHARBI JALEL BEN BRAHIM | C931: 42576 | D931: 4608.04
A932: TOTAL 07/2016 | D932: =SUM(D931) -> 4608.04
A934: TOTAL GENERAL | D934: =D932+D930+D917+D841+D609+D258 -> 1587912.7

Sheet TR
A1: Adr fact | B1: Nom | C1: Echéance | D1: Mont ouvert
A2: 1S01132 | B2: INDUST. MECANIQ. MAGHREBINES | C2: 42428 | D2: 21386.812
A3: 1R01480 | B3: STE HADJ AUTO | C3: 42434 | D3: 494.223
A4: 1S01243 | B4: CERI TUNISIE | C4: 42439 | D4: 3135.45
A5: 1R01480 | B5: STE HADJ AUTO | C5: 42459 | D5: 494.223
A6: 1R01522 | B6: BEN MAHMOUD CHOKRI | C6: 42459 | D6: 1074.866
A7: 1R06028 | B7: TAREK BEN KHEMAIES LAHBIB | C7: 42459 | D7: 6248.041
A8: 1S03055 | B8: ENTREPRISE BOUDOKHAN MOKHTAR | C8: 42460 | D8: 4402.034
A9: 1R02200 | B9: SOCIETE ENNAJAH DES SERVICES | C9: 42460 | D9: 731.353
A10: 1R01521 | B10: STE DE RECHANGE AGRICOLE | C10: 42460 | D10: 1109.222
A11: 1S01009 | B11: B S B TOYOTA | C11: 42460 | D11: 2536.083
A12: 1R05152 | B12: TEMANI SADOK | C12: 42460 | D12: 318.079
A13: 4G01002 | B13: MEUBLATEX INDUSTRIES | C13: 42465 | D13: 1177.452
... A39: 3R18111 | B39: KALLEL LASSAAD | C39: 42521 | D39: 1055.322
A40: TOTAL 90 JOURS | D40: =SUM(D2:D39) -> 143027.86
A41: 1R12003 | B41: STE ZORGATI VEHICULES | C41: 42526 | D41: 4428.641
A42: 1R03141 | B42: BEN ALI HAMDI | C42: 42526 | D42: 3170.921
A43: 3R18371 | B43: STE MAGHREB TRUCKS COMPANY | C43: 42526 | D43: 1164.172
A44: 4R14029 | B44: JAADI MONCEF | C44: 42528 | D44: 1258
A45: 1R02190 | B45: S O G E F | C45: 42531 | D45: 3273.899
A46: 3R18263 | B46: LAJNEF SAMI BEN MOHAMED | C46: 42531 | D46: 3000
A47: 4R14029 | B47: JAADI MONCEF | C47: 42531 | D47: 1220.663
A48: 3R18371 | B48: STE MAGHREB TRUCKS COMPANY | C48: 42536 | D48: 2466.33
A49: 3R18371 | B49: STE MAGHREB TRUCKS COMPANY | C49: 42546 | D49: 2500
A50: 3R18263 | B50: LAJNEF SAMI BEN MOHAMED | C50: 42551 | D50: 3505.359
A51: 1R12003 | B51: STE ZORGATI VEHICULES | C51: 42556 | D51: 12152.355
A52: 4R12211 | B52: STE ZORGATI VEHICULE | C52: 42587 | D52: 2503.111
A53: TOTAL | D53: =SUM(D41:D52) -> 40643.451
A55: TOTAL GENERAL | D55: =D53+D40 -> 183671.31

Sheet FED
A3: FINANCEMENTS DE DEVISE IMPORT
A4: AU 23/11/2015
B6: Fournisseur | C6: Montant en devise | D6: Cours | E6: Montant en dinars | F6: Date MEP | G6: Échéance | H6: Observation
A7: STA NOUR
A8: Total | E8: =SUM(E7) -> 0
A10: SNA NOUR | B10: Metalliance | C10: 218620.36 | D10: 1.94175 | E10: =+C10*D10 -> 424506.08 | F10: 42146 | G10: 42422 | H10: 2 eme Prorogation
B11: STCM | C11: 192534.97 | D11: 2.18755 | E11: =C11*D11 -> 421179.87 | F11: 42326 | G11: 42418 | H11: mise en place
A12: Total | E12: =SUM(E10:E11) -> 845685.96

Sheet Etranger
A1: =TODAY() -> 42628
B2: TAUX EURO/TND | C2: 42369 | D2: 2.21613
B3: TAUX USD/TND | C3: 42369 | D3: 2.04074
B4: TAUX GBP/TND | C4: 42369 | D4: 3.00856
B5: S T A
B6: FOURNISSEUR | C6: MONNAIE | D6: MONT DEV. | E6: MONT DT | F6: MOD REG | G6: DATE FACTURE | H6: ECHEANCE | I6: CPTE PAIEMENT | J6: REGLEMENT
B7: ACCUMA 91 | C7: EUR | D7: 2830.72 | E7: =D7*$D$2 -> 6273.2435 | G7: 42361 | H7: =+G7+60 -> 42421
B8: ACCUMA 04 | C8: EUR | D8: 9962.72 | E8: =D8*$D$2 -> 22078.683 | G8: 42383 | H8: =+G8+60 -> 42443
B9: ACCUMA 05 | C9: EUR | D9: 10975.97 | E9: =D9*$D$2 -> 24324.176 | G9: 42384 | H9: =+G9+60 -> 42444
B10: DARAMIC | C10: EUR | D10: 9453.28 | E10: =+D10*D2 -> 20949.697 | G10: 42361 | H10: =+G10+90 -> 42451
B11: ACCUMA 09 | C11: EUR | D11: 8112.24 | E11: =+D11*D2 -> 17977.778 | G11: 42398 | H11: =+G11+60 -> 42458
B12: DARAMIC | C12: EUR | D12: 12337.23 | E12: =+D12*D2 -> 27340.906 | G12: 42394 | H12: =G12+90 -> 42484
B13: ACCUMA 20 | C13: EUR | D13: 17541.43 | E13: =+D13*D2 -> 38874.089 | G13: 42447 | H13: =+G13+60 -> 42507
B14: AGIC | C14: EUR | D14: 6175 | E14: =+D14*$D$2 -> 13684.603 | G14: 42424 | H14: =+G14+90 -> 42514
B15: ACCUMA 24 | C15: EUR | D15: 2426.09 | E15: =+D15*$D$2 -> 5376.5308 | G15: 42460 | H15: =+G15+60 -> 42520
B16: DARAMIC | C16: EUR | D16: 21742.54 | E16: =+D16*$D$2 -> 48184.295 | G16: 42464 | H16: =+G16+90 -> 42554
B17: ACCUMA 25 | C17: EUR | D17: 8677.78 | E17: =+D17*$D$2 -> 19231.089 | G17: 42489 | H17: =+G17+60 -> 42549
B20: Paiement du mois : EUR | D20: =SUM(D7:D12) -> 53672.16 | E20: =SUM(E7:E12) -> 118944.48
B22: Paiement du mois : GBP | D22: 0 | E22: 0
B24: Paiement du mois : USD | D24: 0 | E24: 0
B26: S N A
B27: FOURNISSEUR | C27: MONNAIE | D27: MONT DEV. | E27: MONT DT | F27: MOD REG | G27: DATE FACTURE | H27: ECHEANCE | I27: CPTE PAIEMENT | J27: REGLEMENT
B28: MED ENERGY | C28: EUR | D28: 9566.5 | E28: =D28*$D$2 -> 21200.608 | G28: 42325 | H28: =+G28+30 -> 42355
B29: SOVEMA | C29: EUR | D29: 1109.61 | E29: =+D29*$D$2 -> 2459.04 | G29: 42347 | H29: =+G29+30 -> 42377
B30: ACCUMA 79 | C30: EUR | D30: 22432.16 | E30: =D30*$D$2 -> 49712.583 | G30: 42327 | H30: =+G30+60 -> 42387
B31: SOVEMA 01 | C31: EUR | D31: 5045 | E31: =D31*$D$2 -> 11180.376 | G31: 42377 | H31: =+G31+30 -> 42407
B32: ACCUMA 86 | C32: EUR | D32: 9208.11 | E32: =D32*$D$2 -> 20406.369 | G32: 42349 | H32: =G32+60 -> 42409
B33: ACCUMA 85 | C33: EUR | D33: 14170.6 | E33: =D33*$D$2 -> 31403.892 | G33: 42349 | H33: =G33+60 -> 42409
B34: SOVEMA 02 | C34: EUR | D34: 8775.57 | E34: =D34*$D$2 -> 19447.804 | G34: 42380 | H34: =+G34+30 -> 42410
B35: ACCUMA 87 | C35: EUR | D35: 13840.98 | E35: =D35*$D$2 -> 30673.411 | G35: 42355 | H35: =G35+60 -> 42415
B36: ACCUMA 88 | C36: EUR | D36: 18373.14 | E36: =D36*$D$2 -> 40717.267 | G36: 42356 | H36: =G36+60 -> 42416
B37: ACCUMA 89 | C37: EUR | D37: 17363.88 | E37: =D37*$D$2 -> 38480.615 | G37: 42359 | H37: =+G37+60 -> 42419
B38: ACCUMA 90 | C38: EUR | D38: 9460.14 | E38: =D38*$D$2 -> 20964.9 | G38: 42361 | H38: =+G38+60 -> 42421
B39: ACCUMA 92 | C39: EUR | D39: 11713.11 | E39: =D39*$D$2 -> 25957.774 | G39: 42367 | H39: =G39+60 -> 42427
B40: ACCUMA 01 | C40: EUR | D40: 8951.85 | E40: =D40*$D$2 -> 19838.463 | G40: 42376 | H40: =+G40+60 -> 42436
B41: ACCUMA 02 | C41: EUR | D41: 8150.27 | E41: =D41*$D$2 -> 18062.058 | G41: 42381 | H41: =+G41+60 -> 42441
B42: AKUMSAN | C42: EUR | D42: =11032.82+660 -> 11692.82 | E42: =D42*$D$2 -> 25912.809 | G42: 42353 | H42: =G42+90 -> 42443
B43: ACCUMA 03 | C43: EUR | D43: 15057.42 | E43: =D43*$D$2 -> 33369.2 | G43: 42383 | H43: =G43+60 -> 42443
B44: SOVEMA 03 | C44: EUR | D44: 24761.04 | E44: =D44*$D$2 -> 54873.684 | G44: 42418 | H44: =+G44+30 -> 42448
B45: ACCUMA 06 | C45: EUR | D45: 9735.57 | E45: =D45*$D$2 -> 21575.289 | G45: 42389 | H45: =G45+60 -> 42449
B46: ACCUMA 07 | C46: EUR | D46: 23042.01 | E46: =D46*$D$2 -> 51064.09 | G46: 42390 | H46: =G46+60 -> 42450
B47: DARAMIC | C47: EUR | D47: 38217.11 | E47: =D47*$D$2 -> 84694.084 | G47: 42361 | H47: =G47+90 -> 42451
B48: ACCUMA 08 | C48: EUR | D48: 14309.73 | E48: =D48*$D$2 -> 31712.222 | G48: 42391 | H48: =G48+60 -> 42451
B49: ACCUMA 10 | C49: EUR | D49: 11302.91 | E49: =D49*$D$2 -> 25048.718 | G49: 42398 | H49: =G49+60 -> 42458
B50: SOVEMA 04 | C50: EUR | D50: 5820.47 | E50: =D50*$D$2 -> 12898.918 | G50: 42430 | H50: =+G50+30 -> 42460
B51: SOVEMA 05 | C51: EUR | D51: 495 | E51: =D51*$D$2 -> 1096.9844 | G51: 42439 | H51: =+G51+30 -> 42469
B52: ACCUMA 11 | C52: EUR | D52: 8483.97 | E52: =D52*$D$2 -> 18801.58 | G52: 42410 | H52: =G52+60 -> 42470
B53: ACCUMA 12 | C53: EUR | D53: 9134.76 | E53: =D53*$D$2 -> 20243.816 | G53: 42411 | H53: =G53+60 -> 42471
B54: ACCUMA 13 | C54: EUR | D54: 23890.96 | E54: =D54*$D$2 -> 52945.473 | G54: 42412 | H54: =G54+60 -> 42472
B55: ACCUMA 14 | C55: EUR | D55: 9399.72 | E55: =D55*$D$2 -> 20831.001 | G55: 42415 | H55: =G55+60 -> 42475
B56: DARAMIC | C56: EUR | D56: 36326.46 | E56: =D56*$D$2 -> 80504.158 | G56: 42394 | H56: =G56+90 -> 42484
B57: ACCUMA 15 | C57: EUR | D57: 14460.95 | E57: =D57*$D$2 -> 32047.345 | G57: 42438 | H57: =+G57+60 -> 42498
B58: ACCUMA 16 | C58: EUR | D58: 23236.86 | E58: =D58*$D$2 -> 51495.903 | G58: 42439 | H58: =+G58+60 -> 42499
B59: ACCUMA 17 | C59: EUR | D59: 12631.06 | E59: =D59*$D$2 -> 27992.071 | G59: 42440 | H59: =+G59+60 -> 42500
B60: ACCUMA 18 | C60: EUR | D60: 9839.64 | E60: =D60*$D$2 -> 21805.921 | G60: 42444 | H60: =+G60+60 -> 42504
B61: ACCUMA 19 | C61: EUR | D61: 16010.63 | E61: =D61*$D$2 -> 35481.637 | G61: 42447 | H61: =+G61+60 -> 42507
B62: ACCUMA 21 | C62: EUR | D62: 13793.58 | E62: =D62*$D$2 -> 30568.366 | G62: 42452 | H62: =+G62+60 -> 42512
B63: ACCUMA 23 | C63: EUR | D63: 8922.64 | E63: =D63*$D$2 -> 19773.73 | G63: 42460 | H63: =+G63+60 -> 42520
B64: DARAMIC | C64: EUR | D64: 25051.18 | E64: =D64*$D$2 -> 55516.672 | G64: 42464 | H64: =+G64+90 -> 42554
B65: SOVEMA 06 | C65: EUR | D65: 1700 | E65: =D65*$D$2 -> 3767.421 | G65: 42466 | H65: =+G65+30 -> 42496
B66: ACCUMA 22 | C66: EUR | D66: 9960.23 | E66: =D66*$D$2 -> 22073.165 | G66: 42453 | H66: =+G66+60 -> 42513
B67: ACCUMA 26 | C67: EUR | D67: 6231.58 | E67: =D67*$D$2 -> 13809.991 | G67: 42489 | H67: =+G67+60 -> 42549
B71: Paiement du mois : EUR | D71: =SUM(D28:D56) -> 399830.87 | E71: =SUM(E28:E56) -> 886077.19
B73: Paiement du mois : $ | D73: 0 | E73: 0
B75: Paiement du mois : GBP | D75: 0 | E75: 0

Sheet CMT
B1: STA-NOUR
B2: ECHEANCIER 2016
B4: Crédit | C4: Échéance | D4: Principal | E4: Intérêt | F4: Total | G4: PP | H4: INT
B5: STB 87MD | C5: 42551 | D5: 6228.571 | E5: 823 | F5: =SUM(D5:E5) -> 7051.571
B6: Total 06/2016 | D6: =SUM(D5) -> 6228.571 | E6: =SUM(E5) -> 823 | F6: =SUM(F5:F5) -> 7051.571
B7: STB 87MD | C7: 42735 | D7: 6228.571 | E7: 617 | F7: =SUM(D7:E7) -> 6845.571
B8: Total 12/ 2016 | D8: =SUM(D7) -> 6228.571 | E8: =SUM(E7) -> 617 | F8: =SUM(F7:F7) -> 6845.571
B10: TOTAL 2016 | D10: =D8+D6 -> 12457.142 | E10: =E8+E6 -> 1440 | F10: =F8+F6 -> 13897.142
B12: SNA-NOUR
B13: ECHEANCIER 2016
B15: Crédit | C15: Échéance | D15: Principal | E15: Intérêt | F15: Total | G15: PP | H15: INT
B16: STB 1000MD | C16: 42369 | D16: 71428.571 | E16: 7677.619 | F16: =SUM(D16:E16) -> 79106.19
B17: Total 12/2015 | D17: =SUM(D16:D16) -> 71428.571 | E17: =SUM(E16:E16) -> 7677.619 | F17: =SUM(F16:F16) -> 79106.19
B18: STB 2418MD | C18: 42030 | D18: 172714.29 | E18: 33986 | F18: =SUM(D18:E18) -> 206700.29
B19: BTK 1488MD | C19: 42030 | D19: 106286 | E19: 21865 | F19: =SUM(D19:E19) -> 128151
B20: Total 01/2016 | D20: =SUM(D18:D19) -> 279000.29 | E20: =SUM(E18:E19) -> 55851 | F20: =SUM(D20:E20) -> 334851.29
B21: STUSIDE 800MD | C21: 42060 | D21: 28571 | E21: 3885 | F21: =SUM(D21:E21) -> 32456
B22: STB 800MD | C22: 42063 | D22: 0 | E22: 1325 | F22: =SUM(D22:E22) -> 1325
B23: STB 200MD | C23: 42063 | D23: 0 | E23: 329 | F23: =SUM(D23:E23) -> 329
B24: Total 02/2016 | D24: =SUM(D21:D23) -> 28571 | E24: =SUM(E21:E23) -> 5539 | F24: =SUM(D24:E24) -> 34110
B25: BTK300MD | C25: 42094 | D25: 10714 | E25: 1465 | F25: =SUM(D25:E25) -> 12179
B26: STB 1000MD | C26: 42094 | D26: 0 | E26: 6328 | F26: =SUM(D26:E26) -> 6328
B27: Total 03/2016 | D27: =SUM(D25:D26) -> 10714 | E27: =SUM(E25:E26) -> 7793 | F27: =SUM(D27:E27) -> 18507
B28: STUSIDE 800MD | C28: 42149 | D28: 28571 | E28: 3330 | F28: =SUM(D28:E28) -> 31901
B29: STB 800MD | C29: 42155 | D29: 80000 | E29: 1339 | F29: =SUM(D29:E29) -> 81339
B30: STB 200MD | C30: 42155 | D30: 20000 | E30: 332 | F30: =SUM(D30:E30) -> 20332
B31: Total 05/2016 | D31: =SUM(D28:D30) -> 128571 | E31: =SUM(E28:E30) -> 5001 | F31: =SUM(D31:E31) -> 133572
B32: BTK300MD | C32: 42185 | D32: 10714 | E32: 1282 | F32: =SUM(D32:E32) -> 11996
B33: STB 1000MD | C33: 42185 | D33: 71429 | E33: 6328 | F33: =SUM(D33:E33) -> 77757
B34: Total 06/2016 | D34: =SUM(D32:D33) -> 82143 | E34: =SUM(E32:E33) -> 7610 | F34: =SUM(D34:E34) -> 89753
B35: STB 2418MD | C35: 42211 | D35: 172714 | E35: 28815 | F35: =SUM(D35:E35) -> 201529
B36: BTK 1488MD | C36: 42211 | D36: 106286 | E36: 18538 | F36: =SUM(D36:E36) -> 124824
B37: Total 07/2016 | D37: =SUM(D35:D36) -> 279000 | E37: =SUM(E35:E36) -> 47353 | F37: =SUM(D37:E37) -> 326353
B38: STUSIDE 800MD | C38: 42241 | D38: 28571 | E38: 2775 | F38: =SUM(D38:E38) -> 31346
B39: Total 08/2016 | D39: =SUM(D38:D38) -> 28571 | E39: =SUM(E38:E38) -> 2775 | F39: =SUM(D39:E39) -> 31346
B40: BTK300MD | C40: 42277 | D40: 10714 | E40: 1111 | F40: =SUM(D40:E40) -> 11825
B41: STB 1000MD | C41: 42277 | D41: 0 | E41: 5118 | F41: =SUM(D41:E41) -> 5118
B42: Total 09/2016 | D42: =SUM(D40:D41) -> 10714 | E42: =SUM(E40:E41) -> 6229 | F42: =SUM(D42:E42) -> 16943
B43: STUSIDE 800MD | C43: 42333 | D43: 28571 | E43: 2220 | F43: =SUM(D43:E43) -> 30791
B44: Total 11/2016 | D44: =SUM(D43:D43) -> 28571 | E44: =SUM(E43:E43) -> 2220 | F44: =SUM(D44:E44) -> 30791
B45: BTK300MD | C45: 42369 | D45: 10714 | E45: 926 | F45: =SUM(D45:E45) -> 11640
B46: STB 1000MD | C46: 42369 | D46: 71429 | E46: 5118 | F46: =SUM(D46:E46) -> 76547
B47: Total 12/2016 | D47: =SUM(D45:D46) -> 82143 | E47: =SUM(E45:E46) -> 6044 | F47: =SUM(D47:E47) -> 88187
B49: TOTAL 2016 | D49: =+D47+D44+D42+D39+D37+D34+D31+D27+D24+D20 -> 957998.29 | E49: =+E47+E44+E42+E39+E37+E34+E31+E27+E24+E20 -> 146415 | F49: =+F47+F44+F42+F39+F37+F34+F31+F27+F24+F20 -> 1104413.3

Sheet EXPORT
A2: CLIENT | B2: Facture | H2: MCNE | K2: REGLEMENT | M2: DIFFERENCE
B3: Numéro | C3: Date | D3: DEV | E3: MONTANT | F3: TND | G3: Échéance | H3: Montant | I3: DATE MEP | J3: ECHEANCE | K3: Montant | L3: Date
A4: MED ENERGY | B4: EX150014 | C4: 42320 | D4: EUR | E4: 52789.93 | F4: =+E4*2.16865 -> 114482.88 | G4: 42410 | M4: =E4-K4 -> 52789.93
A5: MARIBAT | B5: EX150015 | C5: 42338 | D5: USD | E5: 185713.44 | F5: =+E5*2.0433 -> 379468.27 | G5: 42459 | H5: 305000 | J5: =+C5+90 -> 42428 | M5: =E5-K5 -> 185713.44
A6: MED ENERGY | B6: EX150016 | C6: 42353 | D6: USD | E6: 14741.5 | F6: =E6*2.00595 -> 29570.712 | G6: 42443 | M6: =E6-K6 -> 14741.5
A7: ERRAFIK | B7: EX160001 | C7: 42384 | D7: EUR | E7: 186591.56 | F7: =+E7*2.2077 -> 411938.19 | G7: 42481 | M7: =E7-K7 -> 186591.56
A8: EL HARAMAINE | B8: EX160002 | C8: 42389 | D8: USD | E8: 57547.5 | F8: =E8*2.0365 -> 117195.48 | G8: 42479 | M8: =E8-K8 -> 57547.5
A9: MED ENERGY | B9: EX160003 | C9: 42394 | D9: USD | E9: 61973.64 | F9: =E9*2.03285 -> 125983.11 | G9: 42484 | M9: =E9-K9 -> 61973.64
A10: MED ENERGY | B10: EX160004 | C10: 42422 | D10: USD | E10: 31260.71 | F10: =+E10*2.0168 -> 63046.6 | G10: =+C10+60 -> 42482 | M10: =E10-K10 -> 31260.71
A11: MARIBAT | B11: EX160005 | C11: 42432 | D11: USD | E11: 97110.5 | F11: =E11*2.02425 -> 196575.93 | G11: =+C11+120 -> 42552 | M11: =E11-K11 -> 97110.5
A14: CLIENT | B14: Facture | H14: MCNE | K14: REGLEMENT | M14: DIFFERENCE
B15: Numéro | C15: Date | D15: DEV | E15: MONTANT | F15: TND | G15: Échéance | H15: Montant | I15: DATE MEP | J15: ECHEANCE | K15: Montant | L15: Date
A16: MARIBAT | B16: FN110017 | C16: 40680 | D16: EUR | E16: 5190.95 | F16: =+E16*1.95835 -> 10165.697 | G16: =+C16+90 -> 40770 | M16: =+E16-K16 -> 5190.95
A17: MED ENERGY | B17: FN150058 | C17: 42257 | D17: EUR | E17: 58227.99 | F17: =+E17*2.19075 -> 127562.97 | G17: 42347 | K17: =10227.99+28000 -> 38227.99 | M17: =E17-K17 -> 20000
A18: MED ENERGY | B18: FN150066 | C18: 42282 | D18: USD | E18: 62641.2 | F18: =+E18*1.93585 -> 121263.97 | G18: 42372 | M18: =E18-K18 -> 62641.2
A19: MED ENERGY | B19: FN150068 | C19: 42297 | D19: USD | E19: 16523.33 | F19: =E19*1.97865 -> 32693.887 | G19: 42387 | M19: =E19-K19 -> 16523.33
A20: MARIBAT | B20: FN150069 | C20: 42298 | D20: USD | E20: 247949.91 | F20: =E20*1.9907 -> 493593.89 | G20: 42431 | H20: 395000 | J20: 42448 | K20: =120605.82+127283.5 -> 247889.32 | M20: =E20-K20 -> 60.59
A21: MED ENERGY | B21: FN150070 | C21: 42300 | D21: EUR | E21: 45782.32 | F21: =E21*2.1847 -> 100020.63 | G21: 42390 | M21: =E21-K21 -> 45782.32
A22: MED ENERGY | B22: FN150072 | C22: 42304 | D22: EUR | E22: 53499.12 | F22: =E22*2.18275 -> 116775.2 | G22: 42394 | M22: =E22-K22 -> 53499.12
A23: MARIBAT | B23: FN150075 | C23: 42317 | D23: USD | E23: 122472.96 | F23: =+E23*2.017 -> 247027.96 | G23: 42442 | H23: 195000 | J23: =+C23+90 -> 42407 | K23: =60154.4+62091.97 -> 122246.37 | M23: =E23-K23 -> 226.59
A24: EL HARAMAINE | B24: FN150077 | C24: 42333 | D24: USD | E24: 61196.5 | F24: =+E24*2.0476 -> 125305.95 | G24: 42431 | M24: =E24-K24 -> 61196.5
A25: EL HARAMAINE | B25: FN150078 | C25: 42333 | D25: USD | E25: 61861.5 | F25: =+E25*2.0476 -> 126667.61 | G25: 42431 | M25: =E25-K25 -> 61861.5
A26: MARIBAT | B26: FN150083 | C26: 42356 | D26: USD | E26: 217912.86 | F26: =E26*2.01185 -> 438407.99 | G26: 42485 | M26: =E26-K26 -> 217912.86
A27: ERRAFIK | B27: FN150084 | C27: 42359 | D27: EUR | E27: 694484.64 | F27: =E27*2.19375 -> 1523525.7 | G27: 42456 | M27: =E27-K27 -> 694484.64
A28: MARIBAT | B28: FN150085 | C28: 42363 | D28: EUR | E28: 2590.8 | F28: =+E28*2.19995 -> 5699.6305 | G28: 42485 | M28: =E28-K28 -> 2590.8
A29: MED ENERGY | B29: FN160001 | C29: 42388 | D29: EUR | E29: 70769.15 | F29: =E29*2.21425 -> 156700.59 | G29: 42478 | M29: =E29-K29 -> 70769.15
A30: MARIBAT | B30: FN160002 | C30: 42394 | D30: USD | E30: 120772.23 | F30: =+E30*2.0293 -> 245083.09 | G30: =+C30+120 -> 42514 | M30: =E30-K30 -> 120772.23
A31: MARIBAT | B31: FN160003 | C31: 42396 | D31: USD | E31: 1344 | F31: =+E31*2.0293 -> 2727.3792 | G31: =+C31+120 -> 42516 | M31: =E31-K31 -> 1344
A32: ERRAFIK | B32: FN160007 | C32: 42405 | D32: EUR | E32: 354482.12 | F32: =E32*2.232 -> 791204.09 | G32: 42502 | M32: =E32-K32 -> 354482.12
A33: MARIBAT | B33: FN160008 | C33: 42412 | D33: USD | E33: 110497.38 | F33: =E33*2.00195 -> 221210.23 | G33: =C33+120 -> 42532 | M33: =E33-K33 -> 110497.38
A34: MED ENERGY | B34: FN160009 | C34: 42412 | D34: EUR | E34: 52613.6 | F34: =E34*2.24105 -> 117909.71 | G34: 42502 | M34: =E34-K34 -> 52613.6
A35: MARIBAT | B35: FN160010 | C35: 42416 | D35: USD | E35: 3945.6 | F35: =E35*2.00195 -> 7898.8939 | G35: =C35+120 -> 42536 | M35: =E35-K35 -> 3945.6
A36: MED ENERGY | B36: FN160011 | C36: 42422 | D36: EUR | E36: 36924.26 | F36: =+E36*2.2214 -> 82023.551 | G36: =+C36+60 -> 42482 | M36: =E36-K36 -> 36924.26
A37: EL HARAMAINE | B37: FN160012 | C37: 42423 | D37: USD | E37: 58754.1 | F37: =+E37*2.01295 -> 118269.07 | G37: =+C37+60 -> 42483 | M37: =E37-K37 -> 58754.1

Sheet HAZEM 16
A2: DATE | B2: Capa | C2: Nour | D2: DIFFERENCE | E2: P U ht | F2: FACTURE | G2: PAIEMENT
A3: 42377 | B3: 26200 | C3: 26132 | D3: =B3-C3 -> 68 | E3: 2.853 | F3: =+B3*E3 -> 74748.6 | G3: OK
A4: 42377 | B4: 9590 | C4: 9411 | D4: =B4-C4 -> 179 | E4: 2.853 | F4: =+B4*E4 -> 27360.27
A5: 42378 | B5: 28880 | C5: 29183 | D5: =B5-C5 -> -303 | E5: 2.853 | F5: =+B5*E5 -> 82394.64
A6: 42379 | B6: 31200 | C6: 31179 | D6: =B6-C6 -> 21 | E6: 2.853 | F6: =+B6*E6 -> 89013.6
A7: 42381 | B7: 31540 | C7: 31738 | D7: =B7-C7 -> -198 | E7: 2.853 | F7: =+B7*E7 -> 89983.62 | G7: OK
A8: 42382 | B8: 27680 | C8: 27935 | D8: =B8-C8 -> -255 | E8: 2.853 | F8: =+B8*E8 -> 78971.04
A9: 42382 | B9: 29600 | C9: 29976 | D9: =B9-C9 -> -376 | E9: 2.853 | F9: =+B9*E9 -> 84448.8
A10: 42384 | B10: 34920 | C10: 34952 | D10: =B10-C10 -> -32 | E10: 2.853 | F10: =+B10*E10 -> 99626.76 | G10: OK
A11: 42386 | B11: 29860 | C11: 29985 | D11: =B11-C11 -> -125 | E11: 2.853 | F11: =+B11*E11 -> 85190.58 | G11: OK
A12: 42387 | B12: 29900 | C12: 30116 | D12: =B12-C12 -> -216 | E12: 2.853 | F12: =+B12*E12 -> 85304.7 | G12: OK
A13: 42389 | B13: 28780 | C13: 28857 | D13: =B13-C13 -> -77 | E13: 2.853 | F13: =+B13*E13 -> 82109.34 | G13: OK
A14: 42389 | B14: 27960 | C14: 28088 | D14: =B14-C14 -> -128 | E14: 2.853 | F14: =+B14*E14 -> 79769.88 | G14: OK
A15: total 01/2016 | B15: =SUM(B3:B14) -> 336110 | C15: =SUM(C3:C14) -> 337552 | F15: =SUM(F3:F14) -> 958921.83
A17: DATE | B17: QUANTITE | D17: P U ht | F17: FACTURE | G17: PAIEMENT
A18: 42380 | B18: 4756 | E18: 3 | F18: =+B18*E18 -> 14268 | G18: OK
A19: 42380 | B19: 4656 | E19: 3 | F19: =E19*B19 -> 13968 | G19: OK
A20: 42394 | B20: 5024 | E20: 3 | F20: =B20*E20 -> 15072 | G20: OK
A21: total 01/2016 | B21: =SUM(B18:B20) -> 14436 | F21: =SUM(F18:F20) -> 43308
A23: DATE | B23: Capa | C23: Nour | D23: DIFFERENCE | E23: P U ht | F23: FACTURE | G23: PAIEMENT
A24: 42401 | B24: 33720 | C24: 33999 | D24: =+B24-C24 -> -279 | E24: 3.035 | F24: =+E24*B24 -> 102340.2
A25: 42410 | B25: 31800 | C25: 32016 | D25: =B25-C25 -> -216 | E25: 3.035 | F25: =+E25*B25 -> 96513
A26: 42415 | B26: 30580 | C26: 30872 | D26: =B26-C26 -> -292 | E26: 3.035 | F26: =+E26*B26 -> 92810.3
A27: 42415 | B27: 23260 | C27: 23466 | D27: =B27-C27 -> -206 | E27: 3.035 | F27: =+E27*B27 -> 70594.1
A28: 42415 | B28: 34780 | C28: 34545 | D28: =B28-C28 -> 235 | E28: 3.035 | F28: =+E28*B28 -> 105557.3
A29: 42422 | B29: 26820 | C29: 27032 | D29: =B29-C29 -> -212 | E29: 3.035 | F29: =+E29*B29 -> 81398.7
A30: 42428 | B30: 33640 | C30: 32944 | D30: =B30-C30 -> 696 | E30: 3.035 | F30: =+E30*C30 -> 99985.04
A31: 42391 | B31: 37300 | C31: 37287 | D31: =B31-C31 -> 13 | E31: 3.035 | F31: =+B31*E31 -> 113205.5
A32: 42391 | B32: 41740 | C32: 42114 | D32: =B32-C32 -> -374 | E32: 3.035 | F32: =+B32*E32 -> 126680.9
A33: 42394 | B33: 24800 | C33: 24856 | D33: =B33-C33 -> -56 | E33: 3.035 | F33: =+B33*E33 -> 75268
A34: total 02/2016 | B34: =SUM(B24:B33) -> 318440 | F34: =SUM(F24:F33) -> 964353.04
A36: DATE | B36: QUANTITE | D36: P U ht | F36: FACTURE | G36: PAIEMENT
A37: 42410 | B37: 4710 | E37: 3.25 | F37: =+B37*E37 -> 15307.5
A38: 42426 | B38: 5263 | E38: 3.25 | F38: =E38*B38 -> 17104.75
A39: total 02/2016 | B39: =SUM(B37:B38) -> 9973 | F39: =SUM(F37:F38) -> 32412.25
A42: STOCK HAZEM A NOUR
A43: DATE | B43: Capa | C43: Nour | D43: DIFFERENCE | E43: P U ht | F43: FACTURE | G43: PAIEMENT
A44: 42395 | B44: 35960 | C44: 35862 | D44: =B44-C44 -> 98 | F44: =+B44*E44 -> 0
A45: 42397 | B45: 30800 | C45: 31024 | D45: =B45-C45 -> -224 | F45: =+B45*E45 -> 0
A46: 42398 | B46: 28900 | C46: 29168 | D46: =B46-C46 -> -268 | F46: =+B46*E46 -> 0 | I46: LME 03/2016 | J46: 1806.93
A47: 42399 | B47: 29200 | C47: 29469 | D47: =B47-C47 -> -269 | F47: =+E47*B47 -> 0 | I47: $ 03/2016 | J47: 2.02062
I48: PRIX | J48: =J46*J47 -> 3651.1189
B49: TOTAL 2016 | C49: =+B15+B21+B34+B39 -> 678959 | F49: =F15+F21+F34+F39 -> 1998995.1 | G49: =+F49/C49 -> 2.9442059 | I49: 0.85 | J49: =J48*0.85 -> 3103.4511
B50: TOTAL 2015 | C50: =HAZEM!I159 -> 3495828 | F50: =HAZEM!K159 -> 9919137.8 | G50: =+F50/C50 -> 2.8374216
B52: solde Hazem
A53: reste a payer | D53: =HAZEM!K164+'HAZEM 16'!J11+'HAZEM 16'!J12+'HAZEM 16'!J13+'HAZEM 16'!J14+'HAZEM 16'!J18+'HAZEM 16'!J19+'HAZEM 16'!J20+100000 -> 1007032.6 | H53: PRIX
A54: Paiement HAZEM | D54: =+B55+B56 -> 0 | H54: 0.85
A55: STA
A56: SNA | B56: 0
A57: TOTAL | D57: =D53-D54 -> 1007032.6

Sheet HAZEM
A1: Reliquat 2013 | E1: 212438.16 | F1: OK
A3: DATE | B3: N° BL | C3: QUANTITE | D3: P U ht | E3: FACTURE | F3: PAIEMENT | H3: DATE | I3: QUANTITE | J3: P U ht | K3: FACTURE | L3: PAIEMENT
A4: 41645 | B4: 2174 | C4: 33060 | D4: 2.95 | E4: =+D4*(C4+C5) -> 203196 | F4: OK | H4: 42025 | I4: 27420 | J4: 2.95 | K4: =J4*I4 -> 80889 | L4: OK
A5: 41643 | B5: 2173 | C5: 35820 | H5: 42026 | I5: 28320 | J5: 2.95 | K5: =J5*I5 -> 83544 | L5: OK
A6: 41646 | B6: 2177 | C6: 32880 | D6: 2.95 | E6: =+D6*(C6+C7) -> 188328 | F6: OK | H6: total 01/2015 | I6: =SUM(I4:I5) -> 55740 | K6: =SUM(K4:K5) -> 164433
A7: 41648 | B7: 2181 | C7: 30960
A8: 41656 | B8: 2189 | C8: 32640 | D8: 2.95 | E8: =+D8*(C8+C9) -> 214524 | F8: OK | H8: DATE | I8: QUANTITE | J8: P U ht | K8: FACTURE | L8: PAIEMENT
A9: 41655 | B9: 2188 | C9: 40080 | H9: 42054 | I9: 10328 | J9: 3.1 | K9: =J9*I9 -> 32016.8 | L9: OK
A10: 41659 | B10: 2196 | C10: 38880 | D10: 2.95 | E10: =+D10*(C10+C11) -> 211810 | F10: OK | H10: 42060 | I10: 37120 | J10: 3.05 | K10: =J10*I10 -> 113216 | L10: OK
A11: 41660 | B11: 2199 | C11: 32920 | H11: 42063 | I11: 27140 | J11: 3.05 | K11: =J11*I11 -> 82777 | L11: OK
A12: 41661 | B12: 2200 | C12: 30240 | D12: 2.93 | E12: =+D12*(C12+C13) -> 191211.8 | F12: OK | H12: total 02/2015 | I12: =SUM(I9:I11) -> 74588 | K12: =SUM(K9:K11) -> 228009.8
A13: 41666 | B13: 2956 | C13: 35020
A14: 41667 | B14: 2958 | C14: 34860 | D14: 2.93 | E14: =+D14*(C14+C15) -> 207502.6 | F14: OK | H14: DATE | I14: QUANTITE | J14: P U ht | K14: FACTURE | L14: PAIEMENT
A15: 41670 | B15: 2964 | C15: 35960 | H15: 42072 | I15: 28280 | J15: 3.05 | K15: =I15*J15 -> 86254 | L15: OK
A16: total 01/2014 | C16: =SUM(C4:C15) -> 413320 | E16: =SUM(E4:E15) -> 1216572.4 | H16: 42077 | I16: 18300 | J16: 3.05 | K16: =J16*I16 -> 55815 | L16: OK
H17: 42080 | I17: 20080 | J17: 3.05 | K17: =J17*I17 -> 61244 | L17: OK
A18: DATE | B18: N° BL | C18: QUANTITE | D18: P U ht | E18: FACTURE | F18: PAIEMENT | H18: 42086 | I18: 42720 | J18: 3.05 | K18: =J18*I18 -> 130296 | L18: OK
A19: 41678 | B19: 2976 | C19: 31940 | D19: 2.9 | E19: =+D19*(C19+C20) -> 182758 | F19: OK | H19: 42088 | I19: 32620 | J19: 3.05 | K19: =J19*I19 -> 99491 | L19: OK
A20: 41680 | B20: 2977 | C20: 31080 | H20: 42089 | I20: 40420 | J20: 3.05 | K20: =J20*I20 -> 123281 | L20: OK
A21: 41682 | B21: 2984 | C21: 25600 | D21: 2.9 | E21: =+D21*(C21+C22) -> 149097.7 | F21: OK | H21: 42090 | I21: 35040 | J21: 3.05 | K21: =J21*I21 -> 106872 | L21: OK
A22: 41683 | B22: 2985 | C22: 25813 | H22: 42094 | I22: 36940 | J22: 3.05 | K22: =J22*I22 -> 112667 | L22: OK
A23: 41687 | B23: 2986 | C23: 36120 | D23: 2.925 | E23: =+D23*(C23+C24) -> 211126.5 | F23: OK | H23: total 03/2015 | I23: =SUM(I15:I22) -> 254400 | K23: =SUM(K15:K22) -> 775920
A24: 41688 | B24: 2990 | C24: 36060
A25: 41691 | B25: 2993 | C25: 36120 | D25: 2.93 | E25: =+D25*(C25+C26) -> 208909 | F25: OK | H25: DATE | I25: QUANTITE | J25: P U ht | K25: FACTURE | L25: PAIEMENT
A26: 41695 | B26: 2851 | C26: 35180 | H26: Etain KAIS 96% | I26: 5808 | J26: 30 | K26: =+I26*J26 -> 174240 | L26: OK
A27: 41696 | B27: 2854 | C27: 34820 | D27: 2.93 | E27: =+D27*(C27+C28) -> 165427.8 | F27: OK | H27: total 03/2015 | I27: =SUM(I26:I26) -> 5808 | K27: =SUM(K26:K26) -> 174240
A28: 41697 | B28: 2860 | C28: 21640
A29: total 02/2014 | C29: =SUM(C19:C28) -> 314373 | E29: =SUM(E19:E24) -> 542982.2 | H29: DATE | I29: QUANTITE | J29: P U ht | K29: FACTURE | L29: PAIEMENT
H30: 42096 | I30: 36000 | J30: 3.05 | K30: =I30*J30 -> 109800 | L30: OK
A31: DATE | B31: N° BL | C31: QUANTITE | D31: P U ht | E31: FACTURE | F31: PAIEMENT | H31: 42097 | I31: 35560 | J31: 3.05 | K31: =I31*J31 -> 108458 | L31: OK
A32: 41701 | B32: 2863 | C32: 34900 | D32: 2.93 | E32: =+D32*(C32) -> 102257 | F32: OK | H32: 42098 | I32: 31080 | J32: 3.05 | K32: =I32*J32 -> 94794 | L32: OK
A33: 41723 | B33: 2889 | C33: 34920 | D33: 2.83 | E33: =C33*D33 -> 98823.6 | F33: OK | H33: 42102 | I33: 27640 | J33: 3.05 | K33: =I33*J33 -> 84302 | L33: OK
A34: total 03/2014 | C34: =SUM(C32:C33) -> 69820 | E34: =SUM(E32:E33) -> 201080.6 | H34: 42103 | I34: 27620 | J34: 3.05 | K34: =I34*J34 -> 84241 | L34: OK
H35: 42108 | I35: 35700 | J35: 3.1 | K35: =I35*J35 -> 110670 | L35: OK
A36: DATE | B36: N° BL | C36: QUANTITE | D36: P U ht | E36: FACTURE | F36: PAIEMENT | H36: 42111 | I36: 33240 | J36: 3.1 | K36: =I36*J36 -> 103044 | L36: OK
A37: 41761 | B37: 2787 | C37: 35720 | D37: 2.85 | E37: =+D37*(C37) -> 101802 | F37: OK | H37: 42112 | I37: 27500 | J37: 3.1 | K37: =I37*J37 -> 85250 | L37: OK
A38: 41764 | B38: 2788 | C38: 35600 | D38: 2.85 | E38: =C38*D38 -> 101460 | F38: OK | H38: 42114 | I38: 27940 | J38: 3.1 | K38: =I38*J38 -> 86614 | L38: OK
A39: 41769 | B39: 2795 | C39: 36180 | D39: 2.85 | E39: =C39*D39 -> 103113 | F39: OK | H39: 42122 | I39: 35240 | J39: 3.1 | K39: =I39*J39 -> 109244 | L39: OK
A40: 41771 | B40: 2796 | C40: 35020 | D40: 2.85 | E40: =C40*D40 -> 99807 | F40: OK | H40: 42124 | I40: 40120 | J40: 3.1 | K40: =I40*J40 -> 124372 | L40: OK
A41: 41772 | B41: 2800 | C41: 35280 | D41: 2.85 | E41: =D41*C41 -> 100548 | F41: OK | H41: total 04/2015 | I41: =SUM(I30:I40) -> 357640 | K41: =SUM(K30:K40) -> 1100789
A42: 41775 | B42: 2651 | C42: 35200 | D42: 2.85 | E42: =C42*D42 -> 100320 | F42: OK
A43: 41779 | B43: 2652 | C43: 35300 | D43: 2.85 | E43: =C43*D43 -> 100605 | F43: OK | H43: DATE | I43: QUANTITE | J43: P U ht | K43: FACTURE | L43: PAIEMENT
A44: 41780 | B44: 2653 | C44: 31020 | D44: 2.85 | E44: =C44*D44 -> 88407 | F44: OK | H44: 42126 | I44: 40260 | J44: 3.15 | K44: =I44*J44 -> 126819 | L44: OK
A45: total 05/2014 | C45: =SUM(C37:C44) -> 279320 | E45: =SUM(E37:E44) -> 796062 | H45: 42129 | I45: =37860+60 -> 37920 | J45: 3.055 | K45: =I45*J45 -> 115845.6 | L45: OK
H46: 42130 | I46: 31180 | J46: 3.15 | K46: =I46*J46 -> 98217 | L46: OK
A47: DATE | B47: N° BL | C47: QUANTITE | D47: P U ht | E47: FACTURE | F47: PAIEMENT | H47: 42131 | I47: 29980 | J47: 3.15 | K47: =I47*J47 -> 94437 | L47: OK
A48: 41792 | B48: 2672 | C48: 35340 | D48: 2.85 | E48: =+D48*(C48) -> 100719 | F48: OK | H48: 42132 | I48: 15540 | J48: 3.15 | K48: =I48*J48 -> 48951 | L48: OK
A49: 41793 | B49: 2673 | C49: 35120 | D49: 2.85 | E49: =C49*D49 -> 100092 | F49: OK | H49: 42133 | I49: 27780 | J49: 3.15 | K49: =I49*J49 -> 87507 | L49: OK
A50: 41811 | C50: 12100 | D50: 2.9 | E50: =C50*D50 -> 35090 | F50: OK | H50: 42133 | I50: 25220 | J50: 3.15 | K50: =I50*J50 -> 79443 | L50: OK
A51: 41814 | B51: 2699 | C51: 21260 | D51: 2.9 | E51: =C51*D51 -> 61654 | F51: OK | H51: 42137 | I51: 35720 | J51: 3.15 | K51: =I51*J51 -> 112518 | L51: OK
A52: 41816 | B52: 2700 | C52: 35080 | D52: 2.9 | E52: =D52*C52 -> 101732 | F52: OK | H52: 42139 | I52: 35120 | J52: 3.15 | K52: =I52*J52 -> 110628 | L52: OK
A53: 41817 | B53: 2551 | C53: 35120 | D53: 2.9 | E53: =D53*C53 -> 101848 | F53: OK | H53: 42142 | I53: 31300 | J53: 3.15 | K53: =I53*J53 -> 98595 | L53: OK
A54: total 06/2014 | C54: =SUM(C48:C53) -> 174020 | E54: =SUM(E48:E51) -> 297555 | H54: 42144 | I54: 30960 | J54: 3.15 | K54: =I54*J54 -> 97524 | L54: OK
H55: 42144 | I55: 34920 | J55: 3.15 | K55: =I55*J55 -> 109998 | L55: OK
A56: DATE | B56: N° BL | C56: QUANTITE | D56: P U ht | E56: FACTURE | F56: PAIEMENT | H56: 42146 | I56: 38960 | J56: 3.15 | K56: =I56*J56 -> 122724 | L56: OK
A57: 41822 | B57: 2558 | C57: 26860 | D57: 2.9 | E57: =C57*D57 -> 77894 | F57: OK | H57: 42147 | I57: 38980 | J57: 3.15 | K57: =I57*J57 -> 122787 | L57: OK
A58: 41828 | B58: 2561 | C58: 30680 | D58: 2.9 | E58: =D58*C58 -> 88972 | F58: OK | H58: 42149 | I58: 30140 | J58: 3.15 | K58: =I58*J58 -> 94941 | L58: OK
A59: 41829 | B59: 2562 | C59: 35020 | D59: 2.9 | E59: =D59*C59 -> 101558 | F59: OK | H59: 42150 | I59: 40240 | J59: 3.15 | K59: =I59*J59 -> 126756 | L59: OK
A60: 41830 | B60: 2563 | C60: 32200 | D60: 2.9 | E60: =D60*C60 -> 93380 | F60: OK | H60: total 05/2015 | I60: =SUM(I44:I59) -> 524220 | K60: =SUM(K44:K59) -> 1647690.6
A61: 41831 | B61: 2565 | C61: 31200 | D61: 2.9 | E61: =D61*C61 -> 90480 | F61: OK
A62: 41831 | B62: 2572 | C62: 35140 | D62: 2.9 | E62: =D62*C62 -> 101906 | F62: OK
A63: 41833 | B63: 2573 | C63: 28620 | D63: 2.9 | E63: =D63*C63 -> 82998 | F63: OK
A64: 41834 | C64: 35060 | D64: 2.9 | E64: =D64*C64 -> 101674 | F64: OK | H64: DATE | I64: QUANTITE | J64: P U ht | K64: FACTURE | L64: PAIEMENT
A65: 41837 | C65: 35360 | D65: 2.9 | E65: =D65*C65 -> 102544 | F65: OK | H65: 42160 | I65: 39340 | J65: 3.15 | K65: =I65*J65 -> 123921 | L65: OK
A66: 41842 | C66: 34860 | D66: 2.9 | E66: =D66*C66 -> 101094 | F66: OK | H66: 42161 | I66: 31660 | J66: 3.15 | K66: =I66*J66 -> 99729 | L66: OK
A67: 41842 | C67: 33820 | D67: 2.9 | E67: =D67*C67 -> 98078 | F67: OK | H67: 42162 | I67: 31160 | J67: 3.15 | K67: =I67*J67 -> 98154 | L67: OK
A68: total 07/2014 | C68: =SUM(C57:C67) -> 358820 | E68: =SUM(E57:E67) -> 1040578 | H68: 42163 | I68: 36040 | J68: 3.15 | K68: =I68*J68 -> 113526 | L68: OK
H69: 42164 | I69: 40780 | J69: 3.15 | K69: =I69*J69 -> 128457 | L69: OK
A70: DATE | B70: N° BL | C70: QUANTITE | D70: P U ht | E70: FACTURE | F70: PAIEMENT | H70: 42165 | I70: 43540 | J70: 3.15 | K70: =I70*J70 -> 137151 | L70: OK
A71: 41878 | B71: 3470 | C71: 31200 | D71: 2.95 | E71: =+D71*C71 -> 92040 | F71: OK | H71: 42170 | I71: 29860 | J71: 3.15 | K71: =I71*J71 -> 94059 | L71: OK
A72: 41879 | B72: 3471 | C72: 37040 | D72: 2.95 | E72: =D72*C72 -> 109268 | F72: OK | H72: 42170 | I72: 39260 | J72: 3.15 | K72: =I72*J72 -> 123669 | L72: OK
A73: 41880 | B73: 3473 | C73: 26220 | D73: 2.95 | E73: =D73*C73 -> 77349 | F73: OK | H73: 42172 | I73: 38040 | J73: 3.15 | K73: =I73*J73 -> 119826 | L73: OK
A74: 41881 | B74: 3474 | C74: 35120 | D74: 2.95 | E74: =D74*C74 -> 103604 | F74: OK | H74: 42172 | I74: 33820 | J74: 3.15 | K74: =I74*J74 -> 106533 | L74: OK
A75: total 08/2014 | C75: =SUM(C71:C74) -> 129580 | E75: =SUM(E71:E74) -> 382261 | H75: 42174 | I75: 27960 | J75: 3.15 | K75: =I75*J75 -> 88074 | L75: OK
H76: 42175 | I76: 39040 | J76: 3.05 | K76: =I76*J76 -> 119072 | L76: OK
A77: DATE | B77: N° BL | C77: QUANTITE | D77: P U ht | E77: FACTURE | F77: PAIEMENT | H77: 42176 | I77: =21300-200 -> 21100 | J77: 3.15 | K77: =I77*J77 -> 66465 | L77: OK
A78: 41885 | B78: 3482 | C78: 30860 | D78: 2.95 | E78: =+D78*C78 -> 91037 | F78: OK | H78: 42179 | I78: 39040 | J78: 3.05 | K78: =I78*J78 -> 119072 | L78: OK
A79: 41886 | B79: 3484 | C79: 38680 | D79: 2.95 | E79: =D79*C79 -> 114106 | F79: OK | H79: 42180 | I79: 34920 | J79: 3.05 | K79: =I79*J79 -> 106506 | L79: OK
A80: 41888 | B80: 3489 | C80: 37960 | D80: 2.95 | E80: =D80*C80 -> 111982 | F80: OK | H80: 42181 | I80: =37000-200 -> 36800 | J80: 3.05 | K80: =I80*J80 -> 112240 | L80: OK
A81: 41890 | B81: 3490 | C81: 36220 | D81: 2.95 | E81: =D81*C81 -> 106849 | F81: OK | H81: 42182 | I81: 31520 | J81: 3.05 | K81: =I81*J81 -> 96136 | L81: OK
A82: 41894 | C82: 32420 | D82: 2.95 | E82: =D82*C82 -> 95639 | F82: OK | H82: total 06/2015 | I82: =SUM(I65:I81) -> 593880 | K82: =SUM(K65:K81) -> 1852590
A83: 41897 | C83: 35300 | D83: 2.95 | E83: =D83*C83 -> 104135 | F83: OK
A84: 41899 | C84: 37460 | D84: 2.95 | E84: =D84*C84 -> 110507 | F84: OK
A85: 41902 | C85: 36020 | D85: 2.95 | E85: =D85*C85 -> 106259 | F85: OK | H85: DATE | I85: QUANTITE | J85: P U ht | K85: FACTURE | L85: PAIEMENT
A86: total 09/2014 | C86: =SUM(C78:C85) -> 284920 | E86: =SUM(E78:E85) -> 840514 | H86: 42217 | I86: 38160 | J86: 2.96 | K86: =I86*J86 -> 112953.6 | L86: OK
H87: 42220 | I87: 38780 | J87: 2.96 | K87: =+I87*J87 -> 114788.8 | L87: OK
A88: DATE | B88: N° BL | C88: QUANTITE | D88: P U ht | E88: FACTURE | F88: PAIEMENT | H88: 42221 | I88: 39040 | J88: 2.96 | K88: =+I88*J88 -> 115558.4 | L88: OK
A89: 41926 | C89: 35040 | D89: 2.95 | E89: =D89*C89 -> 103368 | F89: OK | H89: 42226 | I89: 39660 | J89: 2.96 | K89: =J89*I89 -> 117393.6 | L89: OK
A90: 41927 | C90: 34980 | D90: 2.95 | E90: =D90*C90 -> 103191 | F90: OK | H90: 42227 | I90: 39880 | J90: 2.96 | K90: =J90*I90 -> 118044.8 | L90: OK
A91: 41929 | C91: 35080 | D91: 2.95 | E91: =D91*C91 -> 103486 | F91: OK | H91: 42228 | I91: 40060 | J91: 2.96 | K91: =J91*I91 -> 118577.6 | L91: OK
A92: 41930 | C92: 36740 | D92: 2.95 | E92: =D92*C92 -> 108383 | F92: OK | H92: 42228 | I92: 39960 | J92: 2.96 | K92: =J92*I92 -> 118281.6 | L92: OK
A93: 41935 | C93: 36300 | D93: 2.95 | E93: =D93*C93 -> 107085 | F93: OK | H93: 42233 | I93: 40820 | J93: 2.96 | K93: =J93*I93 -> 120827.2 | L93: OK
A94: 41936 | C94: 36280 | D94: 2.95 | E94: =D94*C94 -> 107026 | F94: OK | H94: 42233 | I94: 38900 | J94: 2.96 | K94: =J94*I94 -> 115144 | L94: OK
A95: 41937 | C95: 31060 | D95: 2.95 | E95: =D95*C95 -> 91627 | F95: OK | H95: 42235 | I95: 39920 | J95: 2.96 | K95: =J95*I95 -> 118163.2 | L95: OK
A96: total 10/2014 | C96: =SUM(C89:C95) -> 245480 | E96: =SUM(E89:E95) -> 724166 | H96: 42235 | I96: 40060 | J96: 2.96 | K96: =J96*I96 -> 118577.6 | L96: OK
H97: 42238 | I97: 40080 | J97: 2.96 | K97: =J97*I97 -> 118636.8 | L97: OK
A98: DATE | B98: N° BL | C98: QUANTITE | D98: P U ht | E98: FACTURE | F98: PAIEMENT | H98: 42243 | I98: 38400 | J98: 2.96 | K98: =J98*I98 -> 113664 | L98: OK
A99: 41953 | B99: 3215 | C99: 37120 | D99: 2.95 | E99: =D99*C99 -> 109504 | F99: OK | H99: 42243 | I99: 39980 | J99: 2.96 | K99: =J99*I99 -> 118340.8 | L99: OK
A100: 41954 | B100: 3216 | C100: 38800 | D100: 2.95 | E100: =D100*C100 -> 114460 | F100: OK | H100: total 08/2015 | I100: =SUM(I86:I99) -> 553700 | K100: =SUM(K86:K99) -> 1638952
A101: 41956 | B101: 3218 | C101: 37420 | D101: 2.95 | E101: =D101*C101 -> 110389 | F101: OK
...

Sheet Feuil1
A1: Compte | B1: Titulaire | C1: Arrêté au | D1: 2013 | E1: Arrêté au | F1: 2014 | G1: Devise | H1: Arrêté au | I1: 2015 | J1: Devise
A2: 850508 | B2: FONDERIE EL HANAYA | C2: 41639 | D2: -92545.509 | E2: 42004 | F2: -115967.24 | G2: TND | H2: 42369 | I2: -148251.33 | J2: TND | L2: =I2+K2 -> -148251.33
A3: 452286638 | B3: STE NOUR | C3: 41639 | D3: -27868.498 | E3: 42004 | F3: -44431.684 | G3: TND | H3: 42369 | I3: -292726.53 | J3: TND | K3: 295000 | L3: =I3+K3 -> 2273.473
A4: 818106 | B4: STE T.I.B TUNISIAN INTER BUSINES SARL | C4: 41639 | D4: 212.128 | E4: 42004 | F4: 8.885 | G4: TND | H4: 42369 | I4: -10.771 | J4: TND | L4: =I4+K4 -> -10.771
A5: 812139 | B5: STE TUNISIENNE D ACCUMULATEUR NOUR | C5: 41639 | D5: -1007487.1 | E5: 42004 | F5: -416775.34 | G5: TND | H5: 42369 | I5: -678174.55 | J5: TND | L5: =I5+K5 -> -678174.55
A6: 811635 | B6: STE NOUR DISTRIBUT S.N.D | C6: 41639 | D6: -85348.583 | E6: 42004 | F6: -134936.11 | G6: TND | H6: 42369 | I6: -416046.71 | J6: TND | K6: 301711.28 | L6: =I6+K6 -> -114335.42
A7: 846367 | B7: STE TUNISIENNE DE L ACCUMULATEUR NOUR | C7: 41639 | D7: 36.637 | E7: 42004 | F7: 1591.095 | G7: TND | H7: 42369 | I7: 1576.345 | J7: TND | L7: =I7+K7 -> 1576.345
A8: 847247 | B8: STE NLLE DES ACCUMUL BATTERIES NOUR | C8: 41639 | D8: -107543.05 | E8: 42004 | F8: -837212.74 | G8: TND | H8: 42369 | I8: -1775194.2 | J8: TND | K8: =65000*2.02 -> 131300 | L8: =I8+K8 -> -1643894.2
A9: 845139 | B9: IMMOBILIERE DE LA ZONE SARL | C9: 41639 | D9: -10158.962 | E9: 42004 | F9: -5917.41 | G9: TND | H9: 42369 | I9: -10183.827 | J9: TND | L9: =I9+K9 -> -10183.827
A10: 853370 | B10: INTERNATIONAL TUNISIAN NEGOCE.ITN | C10: 41639 | D10: 1214.744 | E10: 42004 | F10: 903.118 | G10: TND | H10: 42369 | I10: 802.62 | J10: TND | L10: =I10+K10 -> 802.62
A11: 8900050978 | B11: STE NOUVELLE DES ACCUMILATEURS NOUR | C11: 41628 | D11: 45.13 | E11: 42003 | F11: 169240.23 | G11: EUR | H11: 42369 | I11: 596007.94 | J11: EUR | L11: =I11+K11 -> 596007.94
A12: 8900069978 | B12: STE TUNISIENNE DE L ACCUMULATEUR NOUR | C12: 41634 | D12: 19620.85 | E12: 41991 | F12: 19268.98 | G12: EUR | H12: 42369 | I12: 25290.65 | J12: EUR | L12: =I12+K12 -> 25290.65
A13: 8900207978 | B13: INTERNATIONAL TUNISIAN NEGOCE I.T.N | C13: 41037 | D13: 0 | E13: 41037 | F13: 0 | G13: EUR | H13: 42369 | I13: 0 | J13: EUR | L13: =I13+K13 -> 0
A14: 70470489 | B14: SOCIETE NOUR DISTRIBUTION | C14: 41639 | D14: 11728.517 | E14: 42004 | F14: 9765.689 | G14: TND | H14: 42369 | I14: 15072.013 | J14: TND | K14: -10000 | L14: =I14+K14 -> 5072.013
A15: 20234678 | B15: DISTRIBUTION * SARL* STE NOUR | C15: 41639 | D15: 6140.817 | E15: 42004 | F15: 20060.487 | G15: TND | H15: 42369 | I15: 25079.818 | J15: TND | K15: -12000 | L15: =I15+K15 -> 13079.818
A16: 211188782 | B16: DISTRIBUTION * SARL* STE NOUR | C16: 41639 | D16: 25843.563 | E16: 42004 | F16: 6179.702 | G16: TND | H16: 42369 | I16: 6211.395 | J16: TND | K16: -4500 | L16: =I16+K16 -> 1711.395
A17: 160912912 | B17: SOCIETE NOUR DESTRIBTION | C17: 41639 | D17: 9560.797 | E17: 42004 | F17: 5041.317 | G17: TND | H17: 42369 | I17: 6725.671 | J17: TND | K17: -2000 | L17: =I17+K17 -> 4725.671
A18: 392039199 | B18: DISTRIBUTION * SARL* STE NOUR | C18: 41639 | D18: 14251.725 | E18: 42004 | F18: 8673.167 | G18: TND | H18: 42369 | I18: 18019.907 | J18: TND | K18: -11000 | L18: =I18+K18 -> 7019.907
A19: 8900243840 | B19: SOCIETE NOUVELLE DES ACCUMULATEURS NOUR | C19: 41634 | D19: 4255.9 | E19: 41996 | F19: 6998.49 | G19: USD | H19: 42369 | I19: 97074.73 | J19: USD | L19: =I19+K19 -> 97074.73 | M19: 150883
A20: 8900308840 | B20: STA NOUR | C20: 41593 | D20: 76.28 | E20: 42002 | F20: 3543.95 | G20: USD | H20: 42369 | I20: 93811.87 | J20: USD | L20: =I20+K20 -> 93811.87
A21: 875673 | B21: SOCIETE NOUVELLE ACCUMULATEUR NOUR | C21: 41639 | D21: 30738.432 | E21: 42004 | F21: -247.427 | G21: TND | H21: 42369 | I21: 126386.26 | J21: TND | L21: =I21+K21 -> 126386.26
A22: 452312071 | B22: ALPHA MEDIA | E22: 42004 | F22: -23.6 | G22: TND | H22: 42369 | I22: 5112.449 | J22: TND | L22: =I22+K22 -> 5112.449
A23: 452311818 | B23: STE TECH ET INGENIER IE DE PRECISI | E23: 42004 | F23: 31464.722 | G23: TND | H23: 42369 | I23: -10923.968 | J23: TND | K23: 36961.14 | L23: =I23+K23 -> 26037.172
A24: 813431 | B24: STE PHENICIA DEVELOPPEMENT-SICAR- | E24: 42004 | F24: 55802.765 | G24: TND | H24: 42369 | I24: 251564.84 | J24: TND | L24: =I24+K24 -> 251564.84
A25: 812762 | B25: STE ACOR | E25: 42004 | F25: -1711.293 | G25: TND | H25: 42369 | I25: -975.054 | J25: TND | L25: =I25+K25 -> -975.054
A26: 452312160 | B26: STE DE PROTECTION ET DE SECURITE | E26: 42004 | F26: 466.639 | G26: TND | H26: 42369 | I26: 11704.216 | J26: TND | L26: =I26+K26 -> 11704.216
C28: TND | D28: =+D2+D3+D4+D5+D6+D7+D8+D9+D10+D14+D15+D16+D17+D18+D21+D22+D23+D24+D25+D26 -> -1231224.3 | F28: =+F2+F3+F4+F5+F6+F7+F8+F9+F10+F14+F15+F16+F17+F18+F21+F22+F23+F24+F25+F26 -> -1417265.3 | I28: =+I2+I3+I4+I5+I6+I7+I8+I9+I10+I14+I15+I16+I17+I18+I21+I22+I23+I24+I25+I26 -> -2864231.4 | L28: =+L2+L3+L4+L5+L6+L7+L8+L9+L10+L14+L15+L16+L17+L18+L21+L22+L23+L24+L25+L26 -> -2138758.9
C29: Euro | D29: =D11+D12+D13 -> 19665.98 | F29: =F11+F12+F13 -> 188509.21 | I29: =I11+I12+I13 -> 621298.59 | L29: =L11+L12+L13 -> 621298.59
C30: $ | D30: =D19+D20 -> 4332.18 | F30: =F19+F20 -> 10542.44 | I30: =I19+I20 -> 190886.6 | L30: =L19+L20 -> 190886.6

Sheet Feuil2
A3: FOURNISSEUR | B3: MONNAIE | C3: MONT DEV. | D3: DATE FACTURE | E3: ECHEANCE
A4: ACCUMA 72 | B4: EUR | C4: 13419.8 | D4: 42305 | E4: =+D4+60 -> 42365
A5: ACCUMA 74 | B5: EUR | C5: 11883.55 | D5: 42317 | E5: =+D5+60 -> 42377
A6: DARAMIC | B6: EUR | C6: 14248.35 | D6: 42306 | E6: =+D6+90 -> 42396
A7: ACCUMA 83 | B7: EUR | C7: 14743.06 | D7: 42342 | E7: =+D7+60 -> 42402
A8: ACCUMA 91 | B8: EUR | C8: 2830.72 | D8: 42361 | E8: =+D8+60 -> 42421
A9: CAS | B9: EUR | C9: 550 | D9: 42402 | E9: =+D9 -> 42402
C10: =SUM(C4:C9) -> 57675.48
B11: 1.09962 | C11: =+C10*B11 -> 63421.111

Sheet Feuil3
A1: DATE | B1: QUANTITE | C1: P U ht | D1: FACTURE | E1: PAIEMENT

Sheet Feuil4
A1: =TODAY() -> 42628
A2: TAUX EURO/TND | C2: 42369 | D2: 2.21613
A3: TAUX USD/TND | C3: 42369 | D3: 2.04074
A4: TAUX GBP/TND | C4: 42369 | D4: 3.00856
A5: S T A
A6: FOURNISSEUR | B6: MONNAIE | C6: MONT DEV. | D6: MONT DT | E6: DATE FACTURE | F6: ECHEANCE
A7: ACCUMA 91 | B7: EUR | C7: 2830.72 | D7: =C7*$D$2 -> 6273.2435 | E7: 42361 | F7: =+E7+60 -> 42421
A8: ACCUMA 04 | B8: EUR | C8: 9962.72 | D8: =C8*$D$2 -> 22078.683 | E8: 42383 | F8: =+E8+60 -> 42443
A9: ACCUMA 05 | B9: EUR | C9: 10975.97 | D9: =C9*$D$2 -> 24324.176 | E9: 42384 | F9: =+E9+60 -> 42444
A10: ACCUMA 09 | B10: EUR | C10: 8112.24 | D10: =C10*$D$2 -> 17977.778 | E10: 42398 | F10: =+E10+60 -> 42458
A11: TOTAL | C11: =SUM(C7:C10) -> 31881.65
A12: DARAMIC | B12: EUR | C12: 9453.28 | D12: =C12*$D$2 -> 20949.697 | E12: 42361 | F12: =+E12+90 -> 42451
A13: TOTAL | C13: =SUM(C12:C12) -> 9453.28
A15: S N A
A16: FOURNISSEUR | B16: MONNAIE | C16: MONT DEV. | D16: MONT DT | E16: DATE FACTURE | F16: ECHEANCE
A17: ACCUMA 79 | B17: EUR | C17: 22432.16 | D17: =C17*$D$2 -> 49712.583 | E17: 42327 | F17: =+E17+60 -> 42387
A18: ACCUMA 85 | B18: EUR | C18: 14170.6 | D18: =C18*$D$2 -> 31403.892 | E18: 42349 | F18: =E18+60 -> 42409
A19: ACCUMA 86 | B19: EUR | C19: 9208.11 | D19: =C19*$D$2 -> 20406.369 | E19: 42349 | F19: =E19+60 -> 42409
A20: ACCUMA 87 | B20: EUR | C20: 13840.98 | D20: =C20*$D$2 -> 30673.411 | E20: 42355 | F20: =E20+60 -> 42415
A21: ACCUMA 88 | B21: EUR | C21: 18373.14 | D21: =C21*$D$2 -> 40717.267 | E21: 42356 | F21: =E21+60 -> 42416
A22: ACCUMA 89 | B22: EUR | C22: 17363.88 | D22: =C22*$D$2 -> 38480.615 | E22: 42359 | F22: =+E22+60 -> 42419
A23: ACCUMA 90 | B23: EUR | C23: 9460.14 | D23: =C23*$D$2 -> 20964.9 | E23: 42361 | F23: =+E23+60 -> 42421
A24: ACCUMA 92 | B24: EUR | C24: 11713.11 | D24: =C24*$D$2 -> 25957.774 | E24: 42367 | F24: =E24+60 -> 42427
A25: ACCUMA 01 | B25: EUR | C25: 8951.85 | D25: =C25*$D$2 -> 19838.463 | E25: 42376 | F25: =+E25+60 -> 42436
A26: ACCUMA 02 | B26: EUR | C26: 8150.27 | D26: =C26*$D$2 -> 18062.058 | E26: 42381 | F26: =+E26+60 -> 42441
A27: ACCUMA 03 | B27: EUR | C27: 15057.42 | D27: =C27*$D$2 -> 33369.2 | E27: 42383 | F27: =E27+60 -> 42443
A28: ACCUMA 06 | B28: EUR | C28: 9735.57 | D28: =C28*$D$2 -> 21575.289 | E28: 42389 | F28: =E28+60 -> 42449
A29: ACCUMA 07 | B29: EUR | C29: 23042.01 | D29: =C29*$D$2 -> 51064.09 | E29: 42390 | F29: =E29+60 -> 42450
A30: ACCUMA 08 | B30: EUR | C30: 14309.73 | D30: =C30*$D$2 -> 31712.222 | E30: 42391 | F30: =E30+60 -> 42451
A31: ACCUMA 10 | B31: EUR | C31: 11302.91 | D31: =C31*$D$2 -> 25048.718 | E31: 42398 | F31: =E31+60 -> 42458
A32: TOTAL | C32: =SUM(C17:C31) -> 207111.88
A33: AKUMSAN | B33: EUR | C33: =11032.82+660 -> 11692.82 | D33: =C33*$D$2 -> 25912.809 | E33: 42353 | F33: =E33+90 -> 42443
A34: TOTAL | C34: =SUM(C33:C33) -> 11692.82
A35: DARAMIC | B35: EUR | C35: 38217.11 | D35: =C35*$D$2 -> 84694.084 | E35: 42361 | F35: =E35+90 -> 42451
A36: TOTAL | C36: =SUM(C35:C35) -> 38217.11
A37: SOVEMA 01 | B37: EUR | C37: 5045 | D37: =C37*$D$2 -> 11180.376 | E37: 42377 | F37: =+E37+30 -> 42407
A38: SOVEMA 02 | B38: EUR | C38: 8775.57 | D38: =C38*$D$2 -> 19447.804 | E38: 42380 | F38: =+E38+30 -> 42410
A39: SOVEMA 03 | B39: EUR | C39: 24761.04 | D39: =C39*$D$2 -> 54873.684 | E39: 42418 | F39: =+E39+30 -> 42448
A40: SOVEMA 04 | B40: EUR | C40: 5820.47 | D40: =C40*$D$2 -> 12898.918 | E40: 42430 | F40: =+E40+30 -> 42460
A41: TOTAL | C41: =SUM(C37:C40) -> 44402.08
A42: STCM 04 | B42: EUR | C42: 123185.69 | D42: =C42*$D$2 -> 272995.5
A43: STCM 06 | B43: EUR | C43: 81605.67 | D43: =C43*$D$2 -> 180848.77
A44: TOTAL | C44: =SUM(C42:C43) -> 204791.36
A45: METALLIANCE | B45: USD | C45: 151497.15 | D45: =+C45*D3 -> 309166.29
A46: TOTAL | C46: =SUM(C45:C45) -> 151497.15
